 Dungeon Crawl Stone Soup version 0.31-a0-175-g9f7f995f2b (webtiles) character file.

Game seed: 9227667006277687005

262800 qw the Peltast (level 20, -19/133 (136) HPs)
             Began as a Gargoyle Fighter on June 17, 2023.
             Was an Elder of Okawaru.
             Killed from afar by a lich (72 damage)
             ... with a bolt of cold
             ... on level 2 of the Vaults.
             The game lasted 00:27:41 (42460 turns).

qw the Peltast (Gargoyle Fighter)                  Turns: 42460, Time: 00:27:41

HP:   -19/133 (136) AC: 57    Str: 48    XL:     20   Next: 40%
MP:   21/27         EV: 13    Int: 18    God:    Okawaru [****..]
Gold: 295           SH: 22    Dex:  9    Spells: 19/19 levels left

rFire   + + .        s - +2 broad axe (protect)
rCold   . . .        w - +0 tower shield
rNeg    + . .        q - +6 chain mail of Jigsaw {Str+4 Int+3}
rPois   inf          D - +2 helmet {SInv}
rElec   +            H - +1 cloak
rCorr   .            v - +2 pair of gloves
SInv    +            o - +2 pair of boots of the Untouchables {Str+4}
Will    +....        (no amulet) Stlth
                     t - ring of the Tick {Drain rF+ Str+6 Int+7}
HPRegen 0.42/turn    g - ring of Light {rF+ Str+4}
MPRegen 0.20/turn

%: no passive effects
@: heroic, finesse-ful, under a protective aura, flying, slowed, lightly
drained, very slow
A: sickness immunity, AC +15, big wings, negative energy resistance 1,
electricity resistance, torment resistance 1, petrification resistance
}: 1/15 runes: serpentine
a: Renounce Religion, Heroism, Finesse


You were on level 2 of the Vaults.
You worshipped Okawaru.
Okawaru was greatly pleased with you.
You visited 6 branches of the dungeon, and saw 31 of its levels.
You visited the Abyss 2 times.

You collected 3039 gold pieces.
You spent 2744 gold pieces at shops.


Innate Abilities, Weirdness & Mutations

You are immune to sickness and miasma.
Your stone body is resilient. (AC +15)
You are immune to poison.
Your large and strong wings let you fly.
You resist negative energy. (rN+)
You are resistant to electric shocks. (rElec)
You are resistant to unholy torment.
You are immune to petrification.


   Skills:
 - Level 18.0(23.0) Fighting
 - Level 18.0(23.0) Axes
 + Level 9.9(14.9) Throwing
 - Level 14.6(19.6) Armour
 - Level 5.0(10.0) Dodging
 - Level 19.8(24.8) Shields
 - Level 10.1 Invocations


You had 19 spell levels left.
You didn't know any spells.
Your spell library was empty.

Inventory:

Hand Weapons
 s - a +2 broad axe of protection (weapon)
Missiles
 a - a silver javelin
 n - 18 boomerangs (quivered)
Armour
 o - the +2 pair of boots of the Untouchables (worn) {Str+4}
   (You found it on level 4 of the Snake Pit)

   Str:       It affects your strength (+4).
 q - the +6 chain mail of Jigsaw (worn) {Str+4 Int+3}
   (You found it on level 7 of the Dungeon)

   Str:       It affects your strength (+4).
   Int:       It affects your intelligence (+3).
 v - a +2 pair of gloves (worn)
 w - a +0 tower shield (worn)
 D - a +2 helmet of see invisible (worn)
 F - the +1 plate armour of Fedhas, Glimmering {rElec rC+ Int+3}
   (You found it on level 12 of the Dungeon)

   Int:       It affects your intelligence (+3).
   rC:        It protects you from cold.
   rElec:     It insulates you from electricity.
 G - a +0 plate armour of fire resistance
 H - a +1 cloak (worn)
 K - the +15 Maxwell's patent armour {-Cast -Tele rElec Will+ rCorr}
   (You acquired it on level 1 of the Snake Pit)

   rElec:     It insulates you from electricity.
   -Cast:     It prevents spellcasting.
   -Tele:     It prevents most forms of teleportation.
   rCorr:     It protects you from acid and corrosion.
   Will:      It increases your willpower.
Jewellery
 c - a ring of protection from cold
 g - the ring of Light (right hand) {rF+ Str+4}
   (You acquired it on level 4 of the Lair of Beasts)

   [ring of protection from fire]

   Str:       It affects your strength (+4).
   rF:        It protects you from fire.
 t - the ring of the Tick (left hand) {Drain rF+ Str+6 Int+7}
   (You bought it in a shop on level 4 of the Snake Pit)

   [ring of strength]

   Str:       It affects your strength (+6).
   Int:       It affects your intelligence (+7).
   rF:        It protects you from fire.
   Drain:     It drains your maximum health when unequipped.
 y - a ring of ice
 A - a ring of resist corrosion
 B - an amulet of faith
 C - the ring "Sath" {*Slow rC+ Dex+4}
   (You found it on level 12 of the Dungeon)

   [ring of protection from cold]

   Dex:       It affects your dexterity (+4).
   rC:        It protects you from cold.
   *Slow:     It may slow you when you take damage.
 E - an amulet of reflection
 Y - a +6 ring of strength
Wands
 i - a wand of digging (16)
Scrolls
 j - 9 scrolls of identify
 r - 3 scrolls of teleportation
Potions
 b - 11 potions of curing
 d - 6 potions of might
 e - 6 potions of haste
 f - 5 potions of mutation
 h - 3 potions of resistance
 k - 5 potions of attraction
 l - 4 potions of lignification
 m - 4 potions of cancellation
 p - a potion of magic
 u - 2 potions of heal wounds
 z - 3 potions of enlightenment

Dungeon Overview and Level Annotations

Branches:
Dungeon (15/15)            Temple (0/1) D:6            Lair (5/5) D:10
  Swamp (3/4) Lair:3        Snake (4/4) Lair:3        Slime (0/5) Lair:4
    Orc (2/2) D:11            Elf (0/3) Orc:2        Vaults (2/5) D:14
 Depths (0/4) D:15
  Crypt: Vaults:2-3

Altars:
Fedhas
Gozag
Makhleb
Nemelex Xobeh
Okawaru
Xom
Yredelemnul
Zin
Jiyva

Shops:
D:10 [   D:11 ([   Orc:2 (=![(   Snake:3 *   Snake:4 *([   Vaults:1 !
Vaults:2 :

Portals:
Trove: D:11 (show slimy rune of Zot)

Annotations:
D:5 1 runed translucent door, Crazy Yiuf
Lair:4 exclusion: 4 oklob plants
Lair:5 3 runed translucent doors, qw's ghost, journeyman GrFi; qw's ghost, journeyman GrHu
Snake:2 1 runed translucent door, qw's ghost, adept GrFi


Message History

You hit the lich.
The lich points at you and mumbles some strange words.
You struggle to resist.
You barely miss the dread lich.
The dread lich is moderately damaged.
You hit the lich but do no damage. The dread lich casts a spell at you.
You suddenly lose the ability to move!
The lich touches you but does no damage.
The tormentor says, "I will drown you in your own blood."
The lich touches you! The dread lich casts a spell at you.
You barely resist.
The lich touches you but does no damage.
The dread lich gestures wildly while chanting.
The dread lich flickers and vanishes for a moment.
The lich points at you and mumbles some strange words.
You feel yourself slow down.
The lich touches you but does no damage.
The dread lich touches you but does no damage.
The lich touches you but does no damage.
The dread lich barely misses you.
You can move again.
You hit the dread lich but do no damage.
The dread lich is moderately damaged.
You hit the lich. The lich barely misses you.
You slice the dread lich!!
The dread lich is heavily damaged.
You hit the lich but do no damage.
The lich touches you but does no damage.
You block the dread lich's attack.
You closely miss the dread lich.
The dread lich is heavily damaged.
You slice the lich!!
The tormentor says, "I will eat your liver."
The lich points at you and mumbles some strange words.
The bolt of cold hits you!!!!
Ouch! That really hurt!
You die...

#.+ #.#.#.#.....
#.# #.#.#.+.....
#.+ #.'.#.#.....
#.#####'###.+...?.
#.......}}}.#.....
###'#######'##.....
#..)# #..)##.....
#...# #...#######
#.@## ##..# #...
#.LL2....+..# #...
####.....#### #...
#...........# #...
#... ####...# #...
#......... #...
####. ...# #+##
#?:#.....# #...
#...


You could see a dread lich (invisible), a lich (fast) and a tormentor
(summoned).

Vanquished Creatures
  Bai Suzhen (Snake:4)
  Vashnia (Snake:4)
  A tentacled monstrosity (Vaults:1)
  Rupert (D:14)
  Mlioglotl (Snake:3)
  Jorgrun (Snake:3)
  3 tentacled starspawn (Abyss:2)
  Frances (D:14)
  Agnes (Snake:4)
  Kirke (Lair:5)
  A thorn hunter (Swamp:3)
  2 fenstrider witches
  A fire giant (Vaults:2)
  3 nagarajas
  A draconian scorcher (Abyss:2)
  Aizul (Snake:2)
  4 vault wardens (Vaults:1)
  5 ghouls (Swamp:2)
  2 formless jellyfish (Vaults:2)
  8 ironbound preservers
  9 ironbound thunderhulks
  A stone giant (D:15)
  2 eleionomae
  2 bunyips
  6 dire elephants
  Josephine (D:14)
  An ettin (D:12)
  A green death (Abyss:2)
  Snorg (D:14)
  4 yaktaur captains
  3 ironbound frosthearts
  3 great orbs of eyes
  2 salamander tyrants (Snake:4)
  2 vault guards (Vaults:1)
  4 ogre magi (Orc:2)
  A merfolk avatar (Lair:5)
  11 centaur warriors
  A ghost crab (Swamp:1)
  10 hydras
  3 anacondas
  A spriggan air mage (Swamp:2)
  2 catoblepae
  A death knight (D:14)
  A two-headed ogre (shapeshifter) (Abyss:2)
  7 alligators
  10 boulder beetles
  5 tengu warriors
  10 naga warriors
  15 two-headed ogres
  A deep troll earth mage (D:12)
  12 death yaks
  20 naga sharpshooters
  9 shock serpents
  A thrashing horror (Abyss:2)
  A soul eater (Abyss:2)
  5 wretched stars (Abyss:2)
  Amaemon (Lair:1)
  6 skeletal warriors (D:14)
  A skyshark (Lair:5)
  A skyshark (shapeshifter) (Abyss:2)
  26 deep trolls
  3 salamander mystics
  3 naga ritualists
  5 goliath frogs
  5 spriggan druids
  5 wizards
  4 swamp dragons
  13 bog bodies
  6 harpies
  8 lindwurms
  2 orc knights
  4 ironbound convokers
  3 mana vipers
  5 necromancers
  4 deep elf pyromancers
  29 ugly things
  2 orc sorcerers (Orc:2)
  12 salamanders
  5 manticores
  5 will-o-the-wisps
  4 cyclopes
  A centaur zombie (D:11)
  20 elephants
  A frost giant skeleton (Vaults:2)
  4 guardian serpents
  26 black mambas
  9 vault sentinels
  Maurice (Orc:1)
  12 naga magi
  3 smoke demons (Abyss:2)
  4 molten gargoyles (D:13)
  A yaktaur zombie (Vaults:2)
  2 centaur skeletons (D:11)
  12 cane toads
  3 rime drakes
  2 gargoyles
  An orange demon (Lair:1)
  Maggie (D:8)
  11 yaktaurs
  2 unseen horrors (D:10)
  2 kobold demonologists
  An efreet (D:13)
  2 tengu conjurers (D:14)
  5 komodo dragons
  An ancient zyme (Abyss:2)
  3 meliai (D:15)
  A shadow dragon simulacrum (Abyss:2)
  2 hellwings (Abyss:2)
  A wind drake (shapeshifter) (Vaults:1)
  A wind drake (Lair:5)
  9 trolls
  11 hornets
  5 polar bears
  A blink frog (shapeshifter) (D:12)
  A spectral meliai (D:11)
  8 tyrant leeches
  4 dream sheep (Lair:4)
  5 blink frogs
  3 vampires
  10 slime creatures
  8 large abominations (Abyss:2)
  Sigmund (D:5)
  4 shadows
  8 wraiths
  A centaur simulacrum (D:14)
  12 spriggans
  3 hogs (Lair:5)
  4 fire bats (D:9)
  5 wyverns
  62 yaks
  2 steam dragons
  5 basilisks
  23 vampire mosquitoes
  A chaos spawn (Abyss:2)
  A neqoxec (Abyss:2)
  Menkaure (D:6)
  2 wargs
  9 swamp worms
  5 acid dragons
  37 nagas
  A glowing shapeshifter skeleton (Vaults:2)
  A hell hound (D:9)
  12 orc warriors
  22 water moccasins
  2 ice beasts (D:6)
  A swamp drake (Swamp:2)
  2 sky beasts (D:7)
  35 ogres
  A boggart (D:12)
  9 wolves
  12 centaurs
  4 kobold brigands
  2 phantoms
  Blork the orc (D:6)
  10 bullfrogs
  2 gnoll sergeants
  2 necrophages (Swamp:2)
  14 wights
  8 killer bees
  4 howler monkeys
  2 lava snakes (D:9)
  6 hounds
  2 jellies
  5 orc priests
  3 gnoll boudas
  A sleepcap (D:5)
  10 starcursed masses (Abyss:2)
  3 iguanas
  25 orc wizards
  A boggart skeleton (D:11)
  5 small abominations (Abyss:2)
  25 gnolls
  8 adders
  A shadow imp (D:7)
  A white imp (D:7)
  4 ufetubi
  A worm (D:2)
  3 dart slugs
  49 orcs
  4 ball pythons
  8 endoplasms
  4 giant cockroaches
  10 goblins
  3 hobgoblins
  7 jackals
  15 kobolds
  4 quokkas
  4 rats
  A spectral orc (D:3)
  A fire vortex (D:9)
  A lurking horror (Abyss:2)
  4 starspawn tentacles (Abyss:2)
1123 creatures vanquished.

Vanquished Creatures (others)
  A hornet (Swamp:3)
  A spriggan (Swamp:3)
  An orc wizard (D:10)
  2 fire vortices (D:9)
  12 foxfires
  8 starspawn tentacles (Abyss:2)
25 creatures vanquished.

Grand Total: 1148 creatures vanquished

Notes
Turn   | Place    | Note
-------+----------+-------------------------------------------
     0 | D:1      | qw the Gargoyle Fighter began the quest for the Orb.
     0 | D:1      | Reached XP level 1. HP: 14/14 MP: 1/1
     0 | D:1      | 0 ||| qw: Version: 0.3-a-3-g30531e4
     0 | D:1      | 0 ||| qw: Game counter: 421
     0 | D:1      | 0 ||| qw: Always use a shield: true
     0 | D:1      | 0 ||| qw: God list: Okawaru
     0 | D:1      | 0 ||| qw: Allow faded altars: false
     0 | D:1      | 0 ||| qw: Do Orc after D:15 true
     0 | D:1      | 0 ||| qw: Do second Lair branch before Depths: true
     0 | D:1      | 0 ||| qw: Lair rune preference: random
     0 | D:1      | 0 ||| qw: Plans: Normal, Zot:1-4, Slime:5, God:TSO, Crypt,
                  | Tomb, Abyss, Pan, Hells, Win
     0 | D:1      | 0 ||| PLANNING D:1-11
   472 | D:1      | Reached XP level 2. HP: 19/19 MP: 2/2
   505 | D:1      | 505 ||| DROPPING +0 club.
   576 | D:1      | 576 ||| Stepping ~*~*~tactically~*~*~ (hiding).
   858 | D:1      | 858 ||| READING 3 scrolls labelled ELEPSA FEZXE.
   863 | D:1      | 863 ||| READING scroll labelled QEZESOSIDD.
   905 | D:2      | Reached skill level 3 in Axes
   905 | D:2      | Reached XP level 3. HP: 20/23 MP: 3/3
   919 | D:2      | Reached XP level 4. HP: 11/28 MP: 4/4
  1126 | D:2      | 1126 ||| Stepping ~*~*~tactically~*~*~ (hiding).
  1127 | D:2      | 1127 ||| Stepping ~*~*~tactically~*~*~ (hiding).
  1319 | D:2      | Found a faded altar of an unknown god.
  1711 | D:2      | 1711 ||| UPGRADING to +0 helmet.
  1716 | D:2      | 1716 ||| UPGRADING to +0 plate armour.
  1726 | D:2      | 1726 ||| DROPPING +0 scale mail.
  1727 | D:2      | 1727 ||| READING scroll labelled HOEMOVEXY.
  1728 | D:2      | 1728 ||| READING scroll labelled RIAN USORAO.
  1729 | D:2      | 1729 ||| READING 4 scrolls labelled UWKIJE QU DUY.
  1730 | D:2      | 1730 ||| READING scroll labelled PACHONTEIG.
  1731 | D:2      | 1731 ||| READING 3 scrolls of identify.
  1731 | D:2      | 1731 ||| IDENTIFYING emerald potion
  1732 | D:2      | 1732 ||| READING 2 scrolls of identify.
  1732 | D:2      | 1732 ||| IDENTIFYING golden potion
  1791 | D:3      | 1791 ||| Stepping ~*~*~tactically~*~*~ (stealth).
  1794 | D:3      | 1794 ||| Stepping ~*~*~tactically~*~*~ (stealth).
  2141 | D:3      | Found a basalt altar of Yredelemnul.
  2283 | D:3      | 2283 ||| DROPPING +0 whip.
  2460 | D:3      | 2460 ||| UPGRADING to ring of positive energy.
  2461 | D:3      | 2461 ||| READING 3 scrolls labelled OREHUUDISCH.
  2462 | D:3      | 2462 ||| READING scroll labelled DOGUOPR WENA.
  2463 | D:3      | 2463 ||| READING 3 scrolls of identify.
  2463 | D:3      | 2463 ||| IDENTIFYING murky orange potion
  2464 | D:3      | 2464 ||| READING 2 scrolls of identify.
  2464 | D:3      | 2464 ||| IDENTIFYING red potion
  2465 | D:3      | 2465 ||| DROPPING 2 scrolls of blinking.
  2533 | D:4      | Reached XP level 5. HP: 32/32 MP: 5/5
  3414 | D:4      | Found an iron altar of Okawaru.
  3414 | D:4      | Found a glowing silver altar of Zin.
  3415 | D:4      | 3415 ||| PLANNING OKAWARU WORSHIP
  3419 | D:4      | Became a worshipper of Warmaster Okawaru
  3420 | D:4      | 3420 ||| PLANNING D:1-11
  3664 | D:4      | 3664 ||| Stepping randomly (stuck).
  3668 | D:5      | Entered Level 5 of the Dungeon
  3687 | D:5      | 3687 ||| FLEEEEING.
  3687 | D:5      | Noticed a phantom
  3688 | D:5      | 3688 ||| STAIRDANCE
  3702 | D:4      | Reached XP level 6. HP: 35/38 MP: 6/6
  3712 | D:5      | 3712 ||| STAIRDANCE
  3753 | D:4      | 3753 ||| SWAPPING to +1 war axe of draining.
  3802 | D:5      | Reached * piety under Okawaru
  3803 | D:5      | Reached skill level 6 in Axes
  3861 | D:5      | Reached XP level 7. HP: 43/43 MP: 7/7
  3874 | D:5      | Reached skill level 1 in Invocations
  3931 | D:5      | 3931 ||| Stepping ~*~*~tactically~*~*~ (hiding).
  3935 | D:5      | 3935 ||| Stepping ~*~*~tactically~*~*~ (hiding).
  3947 | D:5      | 3947 ||| INVOKING Heroism.
  3963 | D:5      | 3963 ||| INVOKING Heroism.
  3983 | D:5      | 3983 ||| INVOKING Heroism.
  4198 | D:5      | Noticed a shadow
  4219 | D:5      | Killed a shadow
  4285 | D:5      | Noticed Sigmund
  4286 | D:5      | 4286 ||| INVOKING Heroism.
  4288 | D:5      | 4288 ||| Stepping ~*~*~tactically~*~*~ (stealth).
  4289 | D:5      | 4289 ||| Stepping ~*~*~tactically~*~*~ (stealth).
  4321 | D:5      | HP: 8/44 [something/puff of flame (8)]
  4325 | D:5      | 4325 ||| READING 4 scrolls of teleportation.
  4326 | D:5      | 4326 ||| DRINKING potion of heal wounds.
  4327 | D:5      | 4327 ||| INVOKING Heroism.
  4364 | D:5      | Reached XP level 8. HP: 47/48 MP: 9/9
  4427 | D:5      | Found a runed translucent door.
  4428 | D:5      | Noticed Crazy Yiuf
  4461 | D:5      | 4461 ||| INVOKING Heroism.
  4471 | D:5      | Killed Sigmund
  4716 | D:5      | 4716 ||| READING scroll labelled GIHARE CAICINE.
  4717 | D:5      | 4717 ||| READING scroll labelled CYURETOWEL.
  4759 | D:6      | Noticed Menkaure
  4760 | D:6      | 4760 ||| INVOKING Heroism.
  4771 | D:6      | Killed Menkaure
  4858 | D:6      | 4858 ||| INVOKING Heroism.
  4938 | D:6      | Noticed Blork the orc
  4939 | D:6      | 4939 ||| INVOKING Heroism.
  4948 | D:6      | Killed Blork the orc
  5071 | D:6      | 5071 ||| Stepping ~*~*~tactically~*~*~ (stealth).
  5071 | D:6      | Noticed a yak
  5071 | D:6      | Noticed a yak
  5071 | D:6      | Noticed a yak
  5072 | D:6      | Noticed a yak
  5077 | D:6      | 5077 ||| INVOKING Heroism.
  5079 | D:6      | Killed a yak
  5085 | D:6      | Reached skill level 3 in Invocations
  5089 | D:6      | Killed a yak
  5090 | D:6      | Reached skill level 6 in Fighting
  5090 | D:6      | Reached XP level 9. HP: 34/55 MP: 9/11
  5095 | D:6      | 5095 ||| INVOKING Heroism.
  5119 | D:6      | 5119 ||| INVOKING Heroism.
  5133 | D:6      | Reached ** piety under Okawaru
  5253 | D:6      | 5253 ||| INVOKING Heroism.
  5261 | D:6      | Reached skill level 9 in Axes
  5307 | D:6      | 5307 ||| INVOKING Heroism.
  5382 | D:6      | Found a staircase to the Ecumenical Temple.
  5409 | D:6      | Reached skill level 4 in Shields
  5877 | D:6      | 5877 ||| INVOKING Heroism.
  5988 | D:6      | 5988 ||| READING scroll labelled QAOVVASHEPH.
  5989 | D:6      | 5989 ||| DROPPING +0 war axe.
  5990 | D:6      | 5990 ||| READING 2 scrolls of identify.
  5990 | D:6      | 5990 ||| IDENTIFYING glowing purple potion
  6142 | D:7      | 6142 ||| INVOKING Heroism.
  6348 | D:7      | Reached skill level 6 in Armour
  6425 | D:7      | Identified the +6 chain mail of Jigsaw {Str+4 Int+3}
  6445 | D:7      | 6445 ||| INVOKING Heroism.
  6452 | D:7      | Reached XP level 10. HP: 18/63 MP: 10/13
  6648 | D:7      | 6648 ||| Stepping ~*~*~tactically~*~*~ (stealth).
  6660 | D:7      | Found a flagged portal.
  6673 | D:7      | Found a blossoming altar of Fedhas.
  6674 | D:7      | 6674 ||| Stepping ~*~*~tactically~*~*~ (hiding).
  6811 | D:7      | 6811 ||| Stepping ~*~*~tactically~*~*~ (stealth).
  6812 | D:7      | 6812 ||| Stepping ~*~*~tactically~*~*~ (stealth).
  6816 | D:7      | 6816 ||| Stepping ~*~*~tactically~*~*~ (stealth).
  6818 | D:7      | 6818 ||| Stepping ~*~*~tactically~*~*~ (hiding).
  6820 | D:7      | 6820 ||| Stepping ~*~*~tactically~*~*~ (hiding).
  6827 | D:7      | Reached skill level 1 in Throwing
  7086 | D:7      | 7086 ||| UPGRADING to +6 chain mail of Jigsaw {Str+4
                  | Int+3}.
  7096 | D:7      | 7096 ||| DROPPING +0 plate armour.
  7097 | D:7      | 7097 ||| UPGRADING to +4 ring of protection.
  7098 | D:7      | 7098 ||| UPGRADING to ring of willpower.
  7100 | D:7      | 7100 ||| READING scroll labelled LUICEH DOCS.
  7201 | D:7      | 7201 ||| READING 2 scrolls of identify.
  7201 | D:7      | 7201 ||| IDENTIFYING coppery potion
  7202 | D:7      | 7202 ||| DROPPING potion of ambrosia.
  7239 | D:8      | Identified the +5 whip of Linearity {freeze, rC+}
  7298 | D:8      | 7298 ||| Stepping ~*~*~tactically~*~*~ (hiding).
  7388 | D:8      | Noticed Maggie
  7389 | D:8      | 7389 ||| Stepping ~*~*~tactically~*~*~ (hiding).
  7403 | D:8      | Killed Maggie
  7404 | D:8      | Reached skill level 3 in Throwing
  7533 | D:8      | 7533 ||| DROPPING +0 flail.
  7600 | D:8      | 7600 ||| Stepping ~*~*~tactically~*~*~ (hiding).
  7630 | D:8      | 7630 ||| INVOKING Heroism.
  7834 | D:8      | 7834 ||| DRINKING 2 sedimented coppery potions.
  7843 | D:9      | Noticed a two-headed ogre
  7844 | D:9      | 7844 ||| INVOKING Heroism.
  7851 | D:9      | Killed a two-headed ogre
  7855 | D:9      | Reached *** piety under Okawaru
  7863 | D:9      | Reached skill level 5 in Shields
  7868 | D:9      | 7868 ||| SWAPPING to +5 war axe of freezing.
  7869 | D:9      | 7869 ||| DROPPING +1 war axe of electrocution.
  7872 | D:9      | 7872 ||| DROPPING +2 flail of protection.
  7908 | D:9      | 7908 ||| Stepping ~*~*~tactically~*~*~ (stealth).
  7975 | D:9      | 7975 ||| INVOKING Heroism.
  8197 | D:9      | 8197 ||| DROPPING +2 flail of protection.
  8269 | D:9      | Reached XP level 11. HP: 63/69 MP: 14/14
  8269 | D:9      | Received a gift from Okawaru
  8345 | D:9      | 8345 ||| Stepping ~*~*~tactically~*~*~ (stealth).
  8350 | D:9      | Reached skill level 9 in Fighting
  8353 | D:9      | Reached **** piety under Okawaru
  8371 | D:9      | 8371 ||| FLEEEEING.
  8372 | D:9      | 8372 ||| INVOKING Heroism.
  8380 | D:9      | 8380 ||| FLEEEEING.
  8381 | D:9      | 8381 ||| FLEEEEING.
  8382 | D:9      | 8382 ||| FLEEEEING.
  8382 | D:9      | HP: 13/71 [hell hound/blast of flame (13)]
  8383 | D:9      | 8383 ||| FLEEEEING.
  8384 | D:9      | 8384 ||| FLEEEEING.
  8531 | D:9      | 8531 ||| Stepping ~*~*~tactically~*~*~ (stealth).
  8532 | D:9      | 8532 ||| Stepping ~*~*~tactically~*~*~ (stealth).
  8538 | D:9      | 8538 ||| INVOKING Heroism.
  8863 | D:9      | Identified the staff of air "Danigoent" {rElec rC++ Dex+2}
  8957 | D:9      | 8957 ||| UPGRADING to +0 pair of boots.
  8962 | D:9      | 8962 ||| READING scroll labelled VUGHUQOLUR.
  8963 | D:9      | 8963 ||| READING scroll labelled KAOQOH YJOSE.
  9004 | D:10     | Entered Level 10 of the Dungeon
  9039 | D:10     | 9039 ||| Stepping ~*~*~tactically~*~*~ (stealth).
  9041 | D:10     | 9041 ||| Stepping ~*~*~tactically~*~*~ (hiding).
  9048 | D:10     | Noticed a red ugly thing
  9048 | D:10     | Noticed a green ugly thing
  9049 | D:10     | Noticed a two-headed ogre
  9050 | D:10     | 9050 ||| INVOKING Heroism.
  9053 | D:10     | 9053 ||| Stepping ~*~*~tactically~*~*~ (hiding).
  9061 | D:10     | Killed a red ugly thing
  9064 | D:10     | Killed a two-headed ogre
  9064 | D:10     | Received a gift from Okawaru
  9065 | D:10     | Reached skill level 12 in Axes
  9072 | D:10     | Killed a red ugly thing
  9076 | D:10     | 9076 ||| INVOKING Heroism.
  9079 | D:10     | Received a gift from Okawaru
  9079 | D:10     | HP: 6/71 [troll (13)]
  9080 | D:10     | Reached skill level 6 in Shields
  9080 | D:10     | 9080 ||| READING 4 scrolls of teleportation.
  9081 | D:10     | 9081 ||| DRINKING potion of heal wounds.
  9210 | D:10     | 9210 ||| Stepping randomly (disturbance).
  9270 | D:10     | 9270 ||| Stepping ~*~*~tactically~*~*~ (stealth).
  9284 | D:10     | 9284 ||| Stepping ~*~*~tactically~*~*~ (stealth).
  9336 | D:10     | 9336 ||| READING scroll of enchant armour.
  9336 | D:10     | 9336 ||| ENCHANTING +0 helmet.
  9358 | D:10     | Noticed an animated plate armour
  9361 | D:10     | Found Usaivep's Armour Boutique.
  9363 | D:10     | Noticed an animated crystal plate armour
  9372 | D:10     | 9372 ||| BUYING +0 pair of gloves (54 gold).
  9372 | D:10     | Bought a +0 pair of gloves for 54 gold pieces
  9372 | D:10     | 9372 ||| BUYING +1 pair of gloves (138 gold).
  9372 | D:10     | Bought a +1 pair of gloves for 138 gold pieces
  9429 | D:10     | 9429 ||| FLEEEEING.
  9430 | D:10     | 9430 ||| FLEEEEING.
  9433 | D:10     | 9433 ||| FLEEEEING.
  9434 | D:10     | 9434 ||| FLEEEEING.
  9438 | D:10     | 9438 ||| FLEEEEING.
  9439 | D:10     | 9439 ||| FLEEEEING.
  9440 | D:10     | 9440 ||| FLEEEEING.
  9441 | D:10     | 9441 ||| FLEEEEING.
  9442 | D:10     | 9442 ||| FLEEEEING.
  9443 | D:10     | 9443 ||| FLEEEEING.
  9446 | D:10     | 9446 ||| FLEEEEING.
  9447 | D:10     | 9447 ||| FLEEEEING.
  9448 | D:10     | 9448 ||| FLEEEEING.
  9449 | D:10     | 9449 ||| FLEEEEING.
  9450 | D:10     | 9450 ||| FLEEEEING.
  9453 | D:10     | 9453 ||| FLEEEEING.
  9455 | D:10     | 9455 ||| FLEEEEING.
  9456 | D:10     | 9456 ||| FLEEEEING.
  9457 | D:10     | 9457 ||| FLEEEEING.
  9463 | D:10     | Reached skill level 6 in Invocations
  9535 | D:10     | Found a staircase to the Lair.
  9666 | D:10     | Reached ***** piety under Okawaru
  9837 | D:10     | 9837 ||| DROPPING +0 morningstar.
  9975 | D:10     | 9975 ||| INVOKING Heroism.
 10067 | D:10     | Found an opulent altar of Gozag.
 10072 | D:10     | Found a shimmering altar of Xom.
 10073 | D:10     | 10073 ||| UPGRADING to +0 pair of gloves.
 10078 | D:10     | 10078 ||| UPGRADING to +1 pair of gloves.
 10088 | D:10     | 10088 ||| DROPPING +0 pair of gloves.
 10089 | D:10     | 10089 ||| DROPPING ring of magical power.
 10090 | D:10     | 10090 ||| READING scroll labelled SIATTE NUNWEO.
 10271 | D:10     | 10271 ||| Stepping randomly (stuck).
 10445 | D:10     | 10445 ||| PLANNING LAIR
 10514 | Lair:1   | Entered Level 1 of the Lair of Beasts
 10621 | Lair:1   | Reached XP level 12. HP: 77/77 MP: 17/17
 10630 | Lair:1   | 10630 ||| FLEEEEING.
 10631 | Lair:1   | 10631 ||| FLEEEEING.
 10632 | Lair:1   | 10632 ||| FLEEEEING.
 10763 | Lair:1   | 10763 ||| INVOKING Heroism.
 10969 | Lair:1   | Noticed Amaemon
 10970 | Lair:1   | 10970 ||| INVOKING Heroism.
 10981 | Lair:1   | Killed Amaemon
 11091 | Lair:1   | 11091 ||| Stepping ~*~*~tactically~*~*~ (stealth).
 11190 | Lair:1   | Reached skill level 9 in Invocations
 11393 | Lair:1   | 11393 ||| UPGRADING to +2 helmet.
 11403 | Lair:1   | 11403 ||| DROPPING +1 helmet.
 11404 | Lair:1   | 11404 ||| DROPPING ring of positive energy.
 11405 | Lair:1   | 11405 ||| UPGRADING to +6 ring of strength.
 11407 | Lair:1   | 11407 ||| DROPPING ring of willpower.
 11408 | Lair:1   | 11408 ||| READING 8 scrolls of identify.
 11408 | Lair:1   | 11408 ||| IDENTIFYING inky potion
 11497 | Lair:2   | 11497 ||| INVOKING Heroism.
 11529 | Lair:2   | Noticed a death yak
 11530 | Lair:2   | 11530 ||| INVOKING Heroism.
 11530 | Lair:2   | Noticed a death yak
 11531 | Lair:2   | 11531 ||| INVOKING Finesse.
 11541 | Lair:2   | Noticed a death yak
 11546 | Lair:2   | Identified the +0 plate armour of Lust {rN+} (Okawaru
                  | gifted it to you on level 2 of the Lair of Beasts)
 11546 | Lair:2   | Received a gift from Okawaru
 11550 | Lair:2   | Killed a death yak
 11551 | Lair:2   | Killed a death yak
 11565 | Lair:2   | Killed a death yak
 11572 | Lair:2   | Noticed a death yak
 11574 | Lair:2   | Reached XP level 13. HP: 71/82 MP: 14/20
 11590 | Lair:2   | 11590 ||| INVOKING Finesse.
 11608 | Lair:2   | 11608 ||| INVOKING Heroism.
 11801 | Lair:2   | Found a glowing silver altar of Zin.
 12283 | Lair:2   | 12283 ||| DROPPING +0 plate armour of Lust {rN+}.
 12314 | Lair:3   | 12314 ||| Stepping ~*~*~tactically~*~*~ (stealth).
 12352 | Lair:3   | 12352 ||| Stepping ~*~*~tactically~*~*~ (stealth).
 12385 | Lair:3   | 12385 ||| Stepping ~*~*~tactically~*~*~ (stealth).
 12446 | Lair:3   | 12446 ||| Stepping ~*~*~tactically~*~*~ (hiding).
 12448 | Lair:3   | 12448 ||| INVOKING Heroism.
 12473 | Lair:3   | 12473 ||| Stepping ~*~*~tactically~*~*~ (hiding).
 12474 | Lair:3   | 12474 ||| INVOKING Finesse.
 12476 | Lair:3   | 12476 ||| SWAPPING to +1 demon whip of venom.
 12487 | Lair:3   | 12487 ||| SWAPPING to +6 war axe of freezing.
 12488 | Lair:3   | 12488 ||| SWAPPING to +1 demon whip of venom.
 12497 | Lair:3   | 12497 ||| SWAPPING to +6 war axe of freezing.
 12534 | Lair:3   | Reached skill level 7 in Shields
 12551 | Lair:3   | Found a staircase to the Swamp.
 12586 | Lair:3   | 12586 ||| INVOKING Heroism.
 12677 | Lair:3   | Found a staircase to the Snake Pit.
 12741 | Lair:3   | 12741 ||| INVOKING Heroism.
 12742 | Lair:3   | 12742 ||| INVOKING Finesse.
 12747 | Lair:3   | Identified the +1 animal skin of Okawaru's Castigation
                  | {Str+3} (Okawaru gifted it to you on level 3 of the Lair of
                  | Beasts)
 12747 | Lair:3   | Received a gift from Okawaru
 12748 | Lair:3   | Reached skill level 3 in Dodging
 12914 | Lair:3   | Reached skill level 9 in Armour
 12924 | Lair:3   | 12924 ||| INVOKING Heroism.
 12925 | Lair:3   | 12925 ||| INVOKING Finesse.
 12929 | Lair:3   | 12929 ||| SWAPPING to +1 demon whip of venom.
 12935 | Lair:3   | 12935 ||| SWAPPING to +6 war axe of freezing.
 12979 | Lair:3   | 12979 ||| Stepping ~*~*~tactically~*~*~ (stealth).
 13122 | Lair:3   | 13122 ||| INVOKING Heroism.
 13123 | Lair:3   | 13123 ||| INVOKING Finesse.
 13280 | Lair:3   | Identified the +0 orcbow of Tender Mercy {flame, rF+ rC+
                  | Stlth-}
 13438 | Lair:4   | Gained mutation: Your large and strong wings let you fly.
                  | [Gargoyle growth]
 13438 | Lair:4   | Reached XP level 14. HP: 83/90 MP: 21/21
 13445 | Lair:4   | Reached skill level 15 in Axes
 13477 | Lair:4   | 13477 ||| Stepping ~*~*~tactically~*~*~ (stealth).
 13487 | Lair:4   | 13487 ||| Stepping ~*~*~tactically~*~*~ (stealth).
 13495 | Lair:4   | 13495 ||| INVOKING Heroism.
 13704 | Lair:4   | 13704 ||| Stepping ~*~*~tactically~*~*~ (hiding).
 13705 | Lair:4   | 13705 ||| Stepping ~*~*~tactically~*~*~ (hiding).
 13899 | Lair:4   | Reached skill level 12 in Fighting
 13956 | Lair:4   | Found a viscous altar of Jiyva.
 13958 | Lair:4   | 13958 ||| FLEEEEING.
 14036 | Lair:4   | 14036 ||| INVOKING Heroism.
 14041 | Lair:4   | 14041 ||| SWAPPING to +1 demon whip of venom.
 14048 | Lair:4   | 14048 ||| SWAPPING to +6 war axe of freezing.
 14492 | Lair:4   | 14492 ||| INVOKING Heroism.
 14493 | Lair:4   | Found a staircase to the Slime Pits.
 14498 | Lair:4   | 14498 ||| READING 8 scrolls of identify.
 14498 | Lair:4   | 14498 ||| IDENTIFYING fuming clear potion
 14499 | Lair:4   | HP: 14/92 [oklob plant/splash of acid (21)]
 14500 | Lair:4   | 14500 ||| READING 5 scrolls of teleportation.
 14501 | Lair:4   | 14501 ||| DRINKING potion of heal wounds.
 14737 | Lair:4   | 14737 ||| READING 7 scrolls of identify.
 14737 | Lair:4   | 14737 ||| IDENTIFYING glowing sapphire potion
 14738 | Lair:4   | 14738 ||| DROPPING potion of brilliance.
 14739 | Lair:4   | 14739 ||| DROPPING potion of berserk rage.
 14766 | Lair:5   | Entered Level 5 of the Lair of Beasts
 14794 | Lair:5   | 14794 ||| Stepping ~*~*~tactically~*~*~ (hiding).
 14801 | Lair:5   | 14801 ||| INVOKING Heroism.
 14902 | Lair:5   | Noticed Kirke
 14903 | Lair:5   | 14903 ||| INVOKING Heroism.
 14905 | Lair:5   | 14905 ||| Stepping ~*~*~tactically~*~*~ (stealth).
 14906 | Lair:5   | 14906 ||| Stepping ~*~*~tactically~*~*~ (stealth).
 14921 | Lair:5   | Killed Kirke
 14960 | Lair:5   | Found a runed translucent gate.
 14960 | Lair:5   | Found a runed translucent gate.
 14960 | Lair:5   | Found a runed translucent gate.
 14961 | Lair:5   | Noticed qw's ghost (journeyman GrFi)
 14962 | Lair:5   | Noticed qw's ghost (journeyman GrHu)
 15158 | Lair:5   | 15158 ||| Stepping ~*~*~tactically~*~*~ (stealth).
 15227 | Lair:5   | 15227 ||| INVOKING Heroism.
 15233 | Lair:5   | 15233 ||| Stepping ~*~*~tactically~*~*~ (hiding).
 15341 | Lair:5   | 15341 ||| READING scroll of enchant armour.
 15341 | Lair:5   | 15341 ||| ENCHANTING +1 pair of gloves.
 15347 | Lair:5   | Reached skill level 8 in Shields
 15486 | Lair:5   | 15486 ||| Stepping ~*~*~tactically~*~*~ (cloud).
 15644 | Lair:5   | Noticed a dire elephant
 15645 | Lair:5   | 15645 ||| INVOKING Heroism.
 15662 | Lair:5   | Killed a dire elephant
 16011 | Lair:5   | 16011 ||| STAIRDANCE
 16045 | Lair:4   | 16045 ||| UPGRADING to +0 cloak.
 16050 | Lair:4   | 16050 ||| READING scroll labelled YHIELA SUMUCE.
 16050 | Lair:4   | Identified a scroll of acquirement
 16050 | Lair:4   | 16050 ||| ACQUIRING ring of Light {rF+ Str+4}
 16050 | Lair:4   | Acquired the ring of Light {rF+ Str+4}
 16052 | Lair:4   | 16052 ||| UPGRADING to ring of Light {rF+ Str+4}.
 16054 | Lair:4   | 16054 ||| UPGRADING to +6 ring of strength.
 16056 | Lair:4   | 16056 ||| READING 8 scrolls of identify.
 16056 | Lair:4   | 16056 ||| IDENTIFYING fizzy orange potion
 16057 | Lair:4   | 16057 ||| READING 7 scrolls of identify.
 16057 | Lair:4   | 16057 ||| IDENTIFYING sapphire potion
 16227 | Lair:5   | 16227 ||| PLANNING D:1-11
 16359 | D:11     | 16359 ||| PLANNING GAUNTLET
 16392 | D:11     | 16392 ||| INVOKING Heroism.
 16393 | D:11     | 16393 ||| INVOKING Finesse.
 16451 | D:11     | Found a staircase to the Orcish Mines.
 16464 | D:11     | Found Ureiq's Armour Shop.
 16468 | D:11     | 16468 ||| Stepping ~*~*~tactically~*~*~ (stealth).
 16493 | D:11     | 16493 ||| BUYING +1 buckler of resistance (401 gold).
 16493 | D:11     | Bought a +1 buckler of resistance for 401 gold pieces
 16531 | D:11     | Found Esuxtuen's Antique Weapon Boutique.
 16547 | D:11     | 16547 ||| Stepping ~*~*~tactically~*~*~ (stealth).
 16548 | D:11     | 16548 ||| Stepping ~*~*~tactically~*~*~ (stealth).
 16549 | D:11     | 16549 ||| Stepping ~*~*~tactically~*~*~ (stealth).
 16550 | D:11     | 16550 ||| Stepping ~*~*~tactically~*~*~ (stealth).
 16551 | D:11     | 16551 ||| INVOKING Heroism.
 16576 | D:11     | 16576 ||| Stepping ~*~*~tactically~*~*~ (hiding).
 16594 | D:11     | 16594 ||| INVOKING Heroism.
 16674 | D:11     | 16674 ||| FLEEEEING.
 16675 | D:11     | 16675 ||| FLEEEEING.
 16676 | D:11     | 16676 ||| FLEEEEING.
 16690 | D:11     | 16690 ||| FLEEEEING.
 16790 | D:11     | 16790 ||| RIP GAUNTLET
 16820 | D:11     | 16820 ||| PLANNING LAIR
 16820 | D:11     | 16820 ||| DROPPING scarf of harm.
 16821 | D:11     | 16821 ||| UPGRADING to +1 buckler of resistance.
 16831 | D:11     | 16831 ||| DROPPING +0 buckler.
 16863 | D:11     | 16863 ||| Stepping ~*~*~tactically~*~*~ (stealth).
 17001 | Lair:5   | 17001 ||| PLANNING D:1-11
 17195 | D:11     | Found a portal to a secret trove of treasure.
 17343 | D:11     | 17343 ||| Stepping ~*~*~tactically~*~*~ (hiding).
 17344 | D:11     | 17344 ||| Stepping ~*~*~tactically~*~*~ (hiding).
 17525 | D:11     | Found an iron altar of Okawaru.
 17547 | D:11     | Reached XP level 15. HP: 98/98 MP: 22/22
 17697 | D:11     | 17697 ||| PLANNING LAIR
 17843 | Lair:5   | 17843 ||| PLANNING D
 17856 | Lair:5   | 17856 ||| PLANNING LAIR
 17867 | Lair:5   | 17867 ||| PLANNING D
 17904 | Lair:5   | 17904 ||| PLANNING LAIR
 17920 | Lair:5   | 17920 ||| PLANNING D
 17943 | Lair:5   | 17943 ||| PLANNING LAIR
 17964 | Lair:5   | 17964 ||| PLANNING D
 17987 | Lair:5   | 17987 ||| PLANNING LAIR
 18008 | Lair:5   | 18008 ||| PLANNING D
 18045 | Lair:5   | 18045 ||| PLANNING LAIR
 18080 | Lair:5   | 18080 ||| PLANNING D
 18115 | Lair:5   | 18115 ||| PLANNING LAIR
 18152 | Lair:5   | 18152 ||| PLANNING D
 18202 | Lair:5   | 18202 ||| PLANNING LAIR
 18256 | Lair:5   | 18256 ||| PLANNING D
 18306 | Lair:5   | 18306 ||| PLANNING LAIR
 18354 | Lair:5   | 18354 ||| PLANNING D
 18425 | Lair:5   | 18425 ||| PLANNING LAIR
 18478 | Lair:5   | 18478 ||| PLANNING D
 18540 | Lair:5   | 18540 ||| PLANNING LAIR
 18608 | Lair:5   | 18608 ||| PLANNING D
 18665 | Lair:5   | 18665 ||| PLANNING LAIR
 18724 | Lair:5   | 18724 ||| PLANNING D
 18800 | Lair:5   | 18800 ||| PLANNING LAIR
 18871 | Lair:5   | 18871 ||| PLANNING D
 18951 | Lair:5   | 18951 ||| PLANNING LAIR
 19024 | Lair:5   | 19024 ||| PLANNING D
 19088 | Lair:5   | 19088 ||| PLANNING LAIR
 19150 | Lair:5   | 19150 ||| PLANNING D
 19243 | Lair:5   | 19243 ||| PLANNING LAIR
 19316 | Lair:5   | 19316 ||| PLANNING D
 19608 | D:12     | 19608 ||| INVOKING Heroism.
 19612 | D:12     | 19612 ||| SWAPPING to +1 demon whip of venom.
 19614 | D:12     | 19614 ||| SWAPPING to +6 war axe of freezing.
 19635 | D:12     | 19635 ||| INVOKING Finesse.
 19798 | D:12     | Identified the +6 lajatang of the Distant Future {pain,
                  | rC+}
 19800 | D:12     | Identified the ring "Sath" {*Slow rC+ Dex+4}
 19802 | D:12     | Identified the +8 sling of the Wizarding Viper {speed,
                  | Str+2 Dex+3}
 19803 | D:12     | Identified the +4 great sword of Deformation {venom, *Rage
                  | rC+++ Will+ Str-5}
 19809 | D:12     | Identified the +1 plate armour of Fedhas, Glimmering {rElec
                  | rC+ Int+3}
 19810 | D:12     | 19810 ||| UPGRADING to +1 helmet of see invisible.
 19885 | D:12     | Reached skill level 9 in Shields
 19889 | D:12     | You are sucked into a shaft and drop 2 floors!
 19899 | D:14     | 19899 ||| UPGRADING to amulet of reflection.
 19904 | D:14     | 19904 ||| READING 8 scrolls of identify.
 19904 | D:14     | 19904 ||| IDENTIFYING fizzy black potion
 19924 | D:13     | 19924 ||| Stepping ~*~*~tactically~*~*~ (hiding).
 19925 | D:13     | 19925 ||| Stepping ~*~*~tactically~*~*~ (hiding).
 19926 | D:13     | 19926 ||| Stepping ~*~*~tactically~*~*~ (hiding).
 19927 | D:13     | 19927 ||| Stepping ~*~*~tactically~*~*~ (hiding).
 19928 | D:13     | 19928 ||| Stepping ~*~*~tactically~*~*~ (hiding).
 19929 | D:13     | 19929 ||| Stepping ~*~*~tactically~*~*~ (hiding).
 19930 | D:13     | 19930 ||| Stepping ~*~*~tactically~*~*~ (hiding).
 19931 | D:13     | 19931 ||| Stepping ~*~*~tactically~*~*~ (hiding).
 19932 | D:13     | 19932 ||| Stepping ~*~*~tactically~*~*~ (hiding).
 19934 | D:13     | 19934 ||| Stepping ~*~*~tactically~*~*~ (hiding).
 20045 | D:13     | 20045 ||| Stepping ~*~*~tactically~*~*~ (hiding).
 20046 | D:13     | 20046 ||| Stepping ~*~*~tactically~*~*~ (hiding).
 20048 | D:13     | 20048 ||| Stepping ~*~*~tactically~*~*~ (hiding).
 20056 | D:13     | 20056 ||| INVOKING Heroism.
 20295 | D:12     | 20295 ||| Stepping ~*~*~tactically~*~*~ (hiding).
 20367 | D:12     | 20367 ||| INVOKING Heroism.
 20368 | D:12     | 20368 ||| INVOKING Finesse.
 20373 | D:12     | 20373 ||| SWAPPING to +1 demon whip of venom.
 20379 | D:12     | 20379 ||| SWAPPING to +6 war axe of freezing.
 20876 | D:13     | 20876 ||| Stepping ~*~*~tactically~*~*~ (hiding).
 20940 | D:13     | 20940 ||| Stepping ~*~*~tactically~*~*~ (hiding).
 21050 | D:13     | 21050 ||| READING 2 scrolls of enchant armour.
 21050 | D:13     | 21050 ||| ENCHANTING +1 helmet of see invisible.
 21051 | D:13     | 21051 ||| READING scroll of enchant armour.
 21051 | D:13     | 21051 ||| ENCHANTING +0 pair of boots.
 21073 | D:13     | 21073 ||| Stepping ~*~*~tactically~*~*~ (hiding).
 21074 | D:13     | 21074 ||| Stepping ~*~*~tactically~*~*~ (hiding).
 21078 | D:13     | 21078 ||| INVOKING Heroism.
 21279 | D:13     | 21279 ||| INVOKING Heroism.
 21283 | D:13     | 21283 ||| READING 6 scrolls of teleportation.
 21762 | D:13     | 21762 ||| DROPPING +2 helmet.
 21883 | D:14     | 21883 ||| READING scroll of enchant armour.
 21883 | D:14     | 21883 ||| ENCHANTING +1 pair of boots.
 21890 | D:14     | 21890 ||| INVOKING Heroism.
 21892 | D:14     | Noticed Rupert
 21893 | D:14     | 21893 ||| INVOKING Finesse.
 21915 | D:14     | Killed Rupert
 21916 | D:14     | Reached skill level 12 in Armour
 21927 | D:14     | Received a gift from Okawaru
 21948 | D:14     | 21948 ||| INVOKING Heroism.
 21953 | D:14     | HP: 25/100 [mirror damage (10)]
 22024 | D:14     | 22024 ||| FLEEEEING.
 22025 | D:14     | 22025 ||| FLEEEEING.
 22026 | D:14     | 22026 ||| FLEEEEING.
 22027 | D:14     | 22027 ||| FLEEEEING.
 22028 | D:14     | 22028 ||| FLEEEEING.
 22029 | D:14     | 22029 ||| FLEEEEING.
 22030 | D:14     | 22030 ||| FLEEEEING.
 22031 | D:14     | 22031 ||| FLEEEEING.
 22032 | D:14     | 22032 ||| FLEEEEING.
 22033 | D:14     | 22033 ||| FLEEEEING.
 22034 | D:14     | 22034 ||| FLEEEEING.
 22035 | D:14     | 22035 ||| FLEEEEING.
 22036 | D:14     | 22036 ||| FLEEEEING.
 22037 | D:14     | 22037 ||| FLEEEEING.
 22038 | D:14     | 22038 ||| FLEEEEING.
 22039 | D:14     | 22039 ||| FLEEEEING.
 22040 | D:14     | 22040 ||| FLEEEEING.
 22041 | D:14     | 22041 ||| FLEEEEING.
 22042 | D:14     | 22042 ||| FLEEEEING.
 22043 | D:14     | 22043 ||| STAIRDANCE
 22168 | D:14     | 22168 ||| INVOKING Heroism.
 22233 | D:14     | 22233 ||| SWAPPING to +0 broad axe.
 22234 | D:14     | 22234 ||| DROPPING +6 war axe of freezing.
 22328 | D:14     | 22328 ||| Stepping ~*~*~tactically~*~*~ (hiding).
 22393 | D:14     | Noticed Snorg
 22401 | D:14     | 22401 ||| INVOKING Heroism.
 22417 | D:14     | Killed Snorg
 22581 | D:14     | Found a gate to the Vaults.
 22661 | D:14     | 22661 ||| Stepping ~*~*~tactically~*~*~ (hiding).
 22666 | D:14     | Noticed Josephine
 22681 | D:14     | Received a gift from Okawaru
 22689 | D:14     | Killed Josephine
 22796 | D:14     | Noticed Frances
 22797 | D:14     | 22797 ||| INVOKING Heroism.
 22798 | D:14     | 22798 ||| INVOKING Finesse.
 22815 | D:14     | Killed Frances
 22945 | D:14     | 22945 ||| Stepping ~*~*~tactically~*~*~ (hiding).
 22946 | D:14     | 22946 ||| Stepping ~*~*~tactically~*~*~ (hiding).
 23201 | D:14     | Reached XP level 16. HP: 92/107 MP: 23/23
 23254 | D:15     | Entered Level 15 of the Dungeon
 23255 | D:15     | 23255 ||| Stepping ~*~*~tactically~*~*~ (hiding).
 23258 | D:15     | 23258 ||| INVOKING Heroism.
 23264 | D:15     | Identified the +1 battleaxe of Resourcefulness {vamp, Int-3
                  | Dex+4 SInv} (Okawaru gifted it to you on level 15 of the
                  | Dungeon)
 23264 | D:15     | Received a gift from Okawaru
 23296 | D:15     | 23296 ||| FLEEEEING.
 23297 | D:15     | 23297 ||| FLEEEEING.
 23298 | D:15     | 23298 ||| FLEEEEING.
 23299 | D:15     | 23299 ||| FLEEEEING.
 23300 | D:15     | 23300 ||| STAIRDANCE
 23379 | D:15     | 23379 ||| STAIRDANCE
 23381 | D:14     | 23381 ||| INVOKING Heroism.
 23531 | D:15     | 23531 ||| Stepping ~*~*~tactically~*~*~ (stealth).
 23533 | D:15     | 23533 ||| Stepping ~*~*~tactically~*~*~ (hiding).
 23595 | D:15     | 23595 ||| Stepping ~*~*~tactically~*~*~ (hiding).
 23596 | D:15     | 23596 ||| Stepping ~*~*~tactically~*~*~ (hiding).
 23597 | D:15     | 23597 ||| Stepping ~*~*~tactically~*~*~ (hiding).
 23598 | D:15     | 23598 ||| Stepping ~*~*~tactically~*~*~ (hiding).
 23721 | D:15     | 23721 ||| Stepping ~*~*~tactically~*~*~ (stealth).
 23723 | D:15     | 23723 ||| Stepping ~*~*~tactically~*~*~ (stealth).
 23730 | D:15     | 23730 ||| Stepping ~*~*~tactically~*~*~ (stealth).
 23874 | D:15     | Found a staircase to the Depths.
 23875 | D:15     | 23875 ||| INVOKING Heroism.
 24212 | D:15     | Found a burning altar of Makhleb.
 24283 | D:15     | 24283 ||| Stepping ~*~*~tactically~*~*~ (hiding).
 24703 | D:15     | 24703 ||| Stepping ~*~*~tactically~*~*~ (stealth).
 24723 | D:15     | Received a gift from Okawaru
 24801 | D:15     | 24801 ||| PLANNING ORC
 24801 | D:15     | 24801 ||| READING scroll labelled KAAMNO KOSEPH.
 24933 | Orc:1    | Entered Level 1 of the Orcish Mines
 24987 | Orc:1    | 24987 ||| Stepping ~*~*~tactically~*~*~ (hiding).
 24990 | Orc:1    | 24990 ||| Stepping ~*~*~tactically~*~*~ (hiding).
 24991 | Orc:1    | 24991 ||| Stepping ~*~*~tactically~*~*~ (hiding).
 24993 | Orc:1    | 24993 ||| Stepping ~*~*~tactically~*~*~ (hiding).
 24994 | Orc:1    | 24994 ||| Stepping ~*~*~tactically~*~*~ (hiding).
 25096 | Orc:1    | Noticed Maurice
 25118 | Orc:1    | 25118 ||| Stepping ~*~*~tactically~*~*~ (hiding).
 25119 | Orc:1    | 25119 ||| Stepping ~*~*~tactically~*~*~ (hiding).
 25129 | Orc:1    | Killed Maurice
 25512 | Orc:1    | 25512 ||| UPGRADING to +0 kite shield.
 25522 | Orc:1    | 25522 ||| UPGRADING to +1 cloak.
 25532 | Orc:1    | 25532 ||| DROPPING +0 cloak.
 25539 | Orc:2    | Entered Level 2 of the Orcish Mines
 25539 | Orc:2    | Found Igacutz's Antique Weapon Boutique.
 25543 | Orc:2    | 25543 ||| Stepping ~*~*~tactically~*~*~ (stealth).
 25561 | Orc:2    | 25561 ||| FLEEEEING.
 25562 | Orc:2    | 25562 ||| FLEEEEING.
 25563 | Orc:2    | 25563 ||| STAIRDANCE
 25597 | Orc:2    | 25597 ||| INVOKING Heroism.
 25629 | Orc:2    | Reached skill level 10 in Shields
 25638 | Orc:2    | 25638 ||| INVOKING Heroism.
 25652 | Orc:2    | HP: 19/107 [two-headed ogre/+0 giant club (14)]
 25653 | Orc:2    | 25653 ||| READING 5 scrolls of teleportation.
 25657 | Orc:2    | 25657 ||| READING 4 scrolls of teleportation.
 25664 | Orc:2    | 25664 ||| FLEEEEING.
 25665 | Orc:2    | 25665 ||| FLEEEEING.
 25666 | Orc:2    | 25666 ||| STAIRDANCE
 25999 | Orc:2    | 25999 ||| Stepping ~*~*~tactically~*~*~ (hiding).
 26000 | Orc:2    | 26000 ||| Stepping ~*~*~tactically~*~*~ (hiding).
 26012 | Orc:2    | 26012 ||| Stepping ~*~*~tactically~*~*~ (hiding).
 26019 | Orc:2    | 26019 ||| DRINKING 6 potions of curing.
 26019 | Orc:2    | 26019 ||| (to cure confusion)
 26027 | Orc:2    | Reached skill level 11 in Shields
 26177 | Orc:2    | 26177 ||| INVOKING Heroism.
 26182 | Orc:2    | Received a gift from Okawaru
 26233 | Orc:2    | Found Doebb's Weapon Boutique.
 26234 | Orc:2    | Found Obuirol's Distillery.
 26236 | Orc:2    | Found Ylessumo's Antique Armour Shop.
 26236 | Orc:2    | Found Lissih's Jewellery Emporium.
 26243 | Orc:2    | 26243 ||| BUYING potion of attraction (48 gold).
 26243 | Orc:2    | Bought a potion of attraction for 48 gold pieces
 26243 | Orc:2    | 26243 ||| BUYING potion of curing (48 gold).
 26243 | Orc:2    | Bought a potion of curing for 48 gold pieces
 26243 | Orc:2    | 26243 ||| BUYING potion of heal wounds (80 gold).
 26243 | Orc:2    | Bought a potion of heal wounds for 80 gold pieces
 26243 | Orc:2    | 26243 ||| BUYING potion of lignification (48 gold).
 26243 | Orc:2    | Bought a potion of lignification for 48 gold pieces
 26243 | Orc:2    | 26243 ||| BUYING potion of resistance (160 gold).
 26243 | Orc:2    | Bought a potion of resistance for 160 gold pieces
 26245 | Orc:2    | 26245 ||| BUYING ring of protection from fire (375 gold).
 26245 | Orc:2    | Bought a ring of protection from fire for 375 gold pieces
 26275 | Orc:2    | Found a staircase to the Elven Halls.
 26287 | Orc:2    | 26287 ||| Stepping ~*~*~tactically~*~*~ (stealth).
 26289 | Orc:2    | 26289 ||| Stepping ~*~*~tactically~*~*~ (hiding).
 26290 | Orc:2    | 26290 ||| Stepping ~*~*~tactically~*~*~ (hiding).
 26295 | Orc:2    | 26295 ||| INVOKING Heroism.
 26569 | Orc:2    | 26569 ||| PLANNING SNAKE:1-3
 26722 | Snake:1  | Entered Level 1 of the Snake Pit
 26733 | Snake:1  | 26733 ||| INVOKING Heroism.
 26765 | Snake:1  | 26765 ||| Stepping ~*~*~tactically~*~*~ (hiding).
 26778 | Snake:1  | 26778 ||| Stepping ~*~*~tactically~*~*~ (hiding).
 26799 | Snake:1  | Reached skill level 12 in Shields
 26879 | Snake:1  | 26879 ||| INVOKING Heroism.
 26897 | Snake:1  | 26897 ||| INVOKING Heroism.
 26987 | Snake:1  | 26987 ||| READING scroll of acquirement.
 26987 | Snake:1  | 26987 ||| ACQUIRING +15 Maxwell's patent armour {-Cast
                  | -Tele rElec Will+ rCorr}
 26987 | Snake:1  | Acquired the +15 Maxwell's patent armour {-Cast -Tele rElec
                  | Will+ rCorr}
 26987 | Snake:1  | Found the +15 Maxwell's patent armour {-Cast -Tele rElec
                  | Will+ rCorr}
 27473 | Snake:1  | 27473 ||| Stepping ~*~*~tactically~*~*~ (hiding).
 27632 | Snake:1  | Identified the +0 pair of boots of Untruth {Rampage Fly
                  | rPois Stlth-}
 27863 | Snake:1  | 27863 ||| Stepping ~*~*~tactically~*~*~ (hiding).
 27869 | Snake:1  | 27869 ||| INVOKING Heroism.
 27882 | Snake:1  | Reached skill level 6 in Throwing
 27990 | Snake:1  | 27990 ||| DROPPING +0 pair of boots of Untruth {Rampage Fly
                  | rPois Stlth-}.
 28042 | Snake:2  | Found a runed translucent door.
 28042 | Snake:2  | Found a shimmering altar of Xom.
 28042 | Snake:2  | Noticed qw's ghost (adept GrFi)
 28049 | Snake:2  | 28049 ||| READING scroll of enchant weapon.
 28049 | Snake:2  | 28049 ||| ENCHANTING +0 broad axe.
 28053 | Snake:2  | 28053 ||| Stepping ~*~*~tactically~*~*~ (hiding).
 28054 | Snake:2  | 28054 ||| Stepping ~*~*~tactically~*~*~ (hiding).
 28055 | Snake:2  | 28055 ||| Stepping ~*~*~tactically~*~*~ (hiding).
 28056 | Snake:2  | 28056 ||| INVOKING Heroism.
 28066 | Snake:2  | Reached XP level 17. HP: 101/112 MP: 22/24
 28078 | Snake:2  | Noticed Aizul
 28085 | Snake:2  | 28085 ||| INVOKING Finesse.
 28099 | Snake:2  | 28099 ||| INVOKING Heroism.
 28105 | Snake:2  | Killed Aizul
 28223 | Snake:2  | 28223 ||| Stepping ~*~*~tactically~*~*~ (hiding).
 28422 | Snake:2  | Reached skill level 13 in Shields
 28497 | Snake:2  | 28497 ||| Stepping ~*~*~tactically~*~*~ (stealth).
 28500 | Snake:2  | 28500 ||| INVOKING Heroism.
 28517 | Snake:2  | Reached skill level 18 in Axes
 28554 | Snake:2  | 28554 ||| FLEEEEING.
 28565 | Snake:2  | 28565 ||| INVOKING Heroism.
 28643 | Snake:2  | 28643 ||| Stepping ~*~*~tactically~*~*~ (hiding).
 29059 | Snake:2  | 29059 ||| Stepping ~*~*~tactically~*~*~ (hiding).
 29060 | Snake:2  | 29060 ||| Stepping ~*~*~tactically~*~*~ (hiding).
 29393 | Snake:2  | 29393 ||| UPGRADING to +1 kite shield of poison resistance.
 29403 | Snake:2  | 29403 ||| DROPPING +0 kite shield.
 29404 | Snake:2  | 29404 ||| READING 10 scrolls of identify.
 29404 | Snake:2  | 29404 ||| IDENTIFYING glowing cyan potion
 29405 | Snake:2  | 29405 ||| DROPPING potion of degeneration.
 29432 | Snake:3  | 29432 ||| Stepping ~*~*~tactically~*~*~ (stealth).
 29434 | Snake:3  | 29434 ||| Stepping ~*~*~tactically~*~*~ (stealth).
 29440 | Snake:3  | 29440 ||| Stepping ~*~*~tactically~*~*~ (stealth).
 29441 | Snake:3  | 29441 ||| Stepping ~*~*~tactically~*~*~ (stealth).
 29454 | Snake:3  | 29454 ||| INVOKING Heroism.
 29578 | Snake:3  | Found Lotor's General Store.
 29579 | Snake:3  | Noticed Mlioglotl
 29580 | Snake:3  | 29580 ||| INVOKING Heroism.
 29600 | Snake:3  | 29600 ||| INVOKING Finesse.
 29605 | Snake:3  | Killed Mlioglotl
 29617 | Snake:3  | Reached skill level 14 in Shields
 29640 | Snake:3  | Noticed Jorgrun
 29641 | Snake:3  | 29641 ||| Stepping ~*~*~tactically~*~*~ (hiding).
 29644 | Snake:3  | 29644 ||| Stepping ~*~*~tactically~*~*~ (hiding).
 29647 | Snake:3  | 29647 ||| INVOKING Heroism.
 29658 | Snake:3  | Killed Jorgrun
 29979 | Snake:3  | 29979 ||| Stepping ~*~*~tactically~*~*~ (hiding).
 29985 | Snake:3  | 29985 ||| INVOKING Heroism.
 30074 | Snake:3  | Found a sparkling altar of Nemelex Xobeh.
 30210 | Snake:3  | 30210 ||| BUYING potion of heal wounds (65 gold).
 30210 | Snake:3  | Bought a potion of heal wounds for 65 gold pieces
 30210 | Snake:3  | 30210 ||| BUYING potion of might (52 gold).
 30210 | Snake:3  | Bought a potion of might for 52 gold pieces
 30339 | Snake:3  | 30339 ||| PLANNING SWAMP:1-3
 30462 | Swamp:1  | Entered Level 1 of the Swamp
 30479 | Swamp:1  | 30479 ||| FLEEEEING.
 30480 | Swamp:1  | 30480 ||| FLEEEEING.
 30485 | Swamp:1  | 30485 ||| Stepping ~*~*~tactically~*~*~ (cloud).
 30486 | Swamp:1  | 30486 ||| INVOKING Heroism.
 30503 | Swamp:1  | Reached skill level 15 in Fighting
 30509 | Swamp:1  | HP: 28/113 [spriggan rider/+0 spear (4)]
 30510 | Swamp:1  | 30510 ||| READING 5 scrolls of teleportation.
 30511 | Swamp:1  | 30511 ||| DRINKING 4 potions of heal wounds.
 30521 | Swamp:1  | Received a gift from Okawaru
 30586 | Swamp:1  | 30586 ||| INVOKING Heroism.
 30739 | Swamp:1  | 30739 ||| Stepping ~*~*~tactically~*~*~ (hiding).
 30747 | Swamp:1  | 30747 ||| Stepping ~*~*~tactically~*~*~ (cloud).
 30780 | Swamp:1  | 30780 ||| FLEEEEING.
 30781 | Swamp:1  | 30781 ||| FLEEEEING.
 30782 | Swamp:1  | 30782 ||| FLEEEEING.
 30783 | Swamp:1  | 30783 ||| FLEEEEING.
 30784 | Swamp:1  | 30784 ||| FLEEEEING.
 30785 | Swamp:1  | 30785 ||| FLEEEEING.
 30786 | Swamp:1  | 30786 ||| FLEEEEING.
 30787 | Swamp:1  | 30787 ||| FLEEEEING.
 30788 | Swamp:1  | 30788 ||| FLEEEEING.
 30792 | Swamp:1  | 30792 ||| FLEEEEING.
 30793 | Swamp:1  | 30793 ||| FLEEEEING.
 30794 | Swamp:1  | 30794 ||| FLEEEEING.
 30834 | Swamp:1  | 30834 ||| INVOKING Heroism.
 30934 | Swamp:1  | 30934 ||| INVOKING Heroism.
 30938 | Swamp:1  | 30938 ||| SWAPPING to +1 demon whip of venom.
 30940 | Swamp:1  | 30940 ||| SWAPPING to +1 broad axe.
 31008 | Swamp:1  | 31008 ||| INVOKING Heroism.
 31235 | Swamp:2  | 31235 ||| INVOKING Heroism.
 31320 | Swamp:2  | 31320 ||| Stepping ~*~*~tactically~*~*~ (hiding).
 31321 | Swamp:2  | 31321 ||| INVOKING Heroism.
 31330 | Swamp:2  | Received a gift from Okawaru
 31496 | Swamp:2  | 31496 ||| INVOKING Heroism.
 31512 | Swamp:2  | HP: 26/113 [spriggan druid/angry trees (8)]
 31513 | Swamp:2  | 31513 ||| READING 4 scrolls of teleportation.
 31514 | Swamp:2  | 31514 ||| DRINKING 3 potions of heal wounds.
 31517 | Swamp:2  | 31517 ||| FLEEEEING.
 31523 | Swamp:2  | 31523 ||| STAIRDANCE
 31727 | Swamp:2  | 31727 ||| Stepping ~*~*~tactically~*~*~ (stealth).
 31728 | Swamp:2  | 31728 ||| Stepping ~*~*~tactically~*~*~ (stealth).
 31752 | Swamp:2  | 31752 ||| Stepping ~*~*~tactically~*~*~ (cloud).
 31753 | Swamp:2  | 31753 ||| Stepping ~*~*~tactically~*~*~ (cloud).
 31870 | Swamp:2  | 31870 ||| INVOKING Heroism.
 31874 | Swamp:2  | HP: 26/113 [ghoul (12)]
 31875 | Swamp:2  | 31875 ||| READING 3 scrolls of teleportation.
 31875 | Swamp:2  | HP: 6/113 [ghoul (17)]
 31876 | Swamp:2  | 31876 ||| DRINKING 2 potions of heal wounds.
 32031 | Swamp:2  | 32031 ||| Stepping ~*~*~tactically~*~*~ (stealth).
 32033 | Swamp:2  | 32033 ||| INVOKING Heroism.
 32135 | Swamp:2  | 32135 ||| INVOKING Heroism.
 32138 | Swamp:2  | 32138 ||| SWAPPING to +1 demon whip of venom.
 32144 | Swamp:2  | 32144 ||| SWAPPING to +1 broad axe.
 32169 | Swamp:2  | Reached XP level 18. HP: 117/119 MP: 25/25
 32173 | Swamp:2  | 32173 ||| DROPPING +1 demon whip of venom.
 32174 | Swamp:2  | 32174 ||| DROPPING +4 morningstar of freezing.
 32208 | Swamp:2  | 32208 ||| INVOKING Heroism.
 32242 | Swamp:2  | 32242 ||| Stepping ~*~*~tactically~*~*~ (stealth).
 32244 | Swamp:2  | 32244 ||| Stepping ~*~*~tactically~*~*~ (hiding).
 32329 | Swamp:2  | 32329 ||| INVOKING Heroism.
 32340 | Swamp:2  | Reached skill level 9 in Throwing
 32482 | Swamp:2  | 32482 ||| INVOKING Heroism.
 32534 | Swamp:2  | 32534 ||| INVOKING Heroism.
 32683 | Swamp:2  | 32683 ||| Stepping ~*~*~tactically~*~*~ (hiding).
 32684 | Swamp:2  | 32684 ||| Stepping ~*~*~tactically~*~*~ (hiding).
 32686 | Swamp:2  | 32686 ||| INVOKING Heroism.
 32737 | Swamp:2  | 32737 ||| Stepping ~*~*~tactically~*~*~ (stealth).
 32784 | Swamp:2  | 32784 ||| INVOKING Heroism.
 32903 | Swamp:2  | Reached skill level 15 in Shields
 33034 | Swamp:2  | 33034 ||| INVOKING Heroism.
 33212 | Swamp:2  | 33212 ||| DROPPING amulet of guardian spirit.
 33265 | Swamp:3  | 33265 ||| INVOKING Heroism.
 33309 | Swamp:3  | 33309 ||| INVOKING Heroism.
 33352 | Swamp:3  | 33352 ||| INVOKING Heroism.
 33364 | Swamp:3  | 33364 ||| Stepping ~*~*~tactically~*~*~ (stealth).
 33365 | Swamp:3  | 33365 ||| Stepping ~*~*~tactically~*~*~ (hiding).
 33367 | Swamp:3  | 33367 ||| Stepping ~*~*~tactically~*~*~ (hiding).
 33369 | Swamp:3  | 33369 ||| Stepping ~*~*~tactically~*~*~ (hiding).
 33398 | Swamp:3  | 33398 ||| INVOKING Heroism.
 33444 | Swamp:3  | 33444 ||| Stepping ~*~*~tactically~*~*~ (hiding).
 33447 | Swamp:3  | 33447 ||| INVOKING Heroism.
 33447 | Swamp:3  | Paralysed by a fenstrider witch for 5 turns
 33536 | Swamp:3  | 33536 ||| Stepping ~*~*~tactically~*~*~ (cloud).
 33541 | Swamp:3  | 33541 ||| Stepping ~*~*~tactically~*~*~ (hiding).
 33714 | Swamp:3  | 33714 ||| Stepping ~*~*~tactically~*~*~ (stealth).
 33761 | Swamp:3  | 33761 ||| Stepping ~*~*~tactically~*~*~ (hiding).
 33765 | Swamp:3  | 33765 ||| Stepping ~*~*~tactically~*~*~ (hiding).
 33766 | Swamp:3  | 33766 ||| Stepping ~*~*~tactically~*~*~ (hiding).
 33767 | Swamp:3  | 33767 ||| Stepping ~*~*~tactically~*~*~ (hiding).
 33777 | Swamp:3  | Received a gift from Okawaru
 33839 | Swamp:3  | 33839 ||| Stepping ~*~*~tactically~*~*~ (stealth).
 33866 | Swamp:3  | 33866 ||| Stepping ~*~*~tactically~*~*~ (hiding).
 34069 | Swamp:3  | 34069 ||| Stepping ~*~*~tactically~*~*~ (hiding).
 34070 | Swamp:3  | 34070 ||| Stepping ~*~*~tactically~*~*~ (hiding).
 34072 | Swamp:3  | 34072 ||| INVOKING Heroism.
 34305 | Swamp:3  | 34305 ||| PLANNING SNAKE:4
 34431 | Snake:4  | Entered Level 4 of the Snake Pit
 34505 | Snake:4  | 34505 ||| INVOKING Heroism.
 34517 | Snake:4  | Noticed Vashnia
 34544 | Snake:4  | Killed Vashnia
 34552 | Snake:4  | Received a gift from Okawaru
 34555 | Snake:4  | 34555 ||| INVOKING Heroism.
 34555 | Snake:4  | HP: 21/122 [naga sharpshooter/bolt (13)]
 34556 | Snake:4  | 34556 ||| READING 2 scrolls of teleportation.
 34557 | Snake:4  | 34557 ||| DRINKING potion of heal wounds.
 34806 | Snake:4  | 34806 ||| INVOKING Heroism.
 34825 | Snake:4  | HP: 30/122 [constriction (3)]
 34826 | Snake:4  | 34826 ||| READING scroll of teleportation.
 34828 | Snake:4  | HP: 14/122 [naga sharpshooter/arrow (11)]
 34838 | Snake:4  | 34838 ||| Stepping ~*~*~tactically~*~*~ (hiding).
 34844 | Snake:4  | HP: 16/123 [guardian serpent (3)]
 34847 | Snake:4  | HP: 7/123 [constriction (2)]
 34851 | Snake:4  | 34851 ||| INVOKING Heroism.
 34858 | Snake:4  | 34858 ||| Stepping ~*~*~tactically~*~*~ (hiding).
 34885 | Snake:4  | 34885 ||| Stepping ~*~*~tactically~*~*~ (stealth).
 34892 | Snake:4  | 34892 ||| Stepping ~*~*~tactically~*~*~ (stealth).
 34893 | Snake:4  | 34893 ||| Stepping ~*~*~tactically~*~*~ (hiding).
 34894 | Snake:4  | 34894 ||| Stepping ~*~*~tactically~*~*~ (hiding).
 34896 | Snake:4  | 34896 ||| Stepping ~*~*~tactically~*~*~ (hiding).
 34898 | Snake:4  | HP: 14/123 [naga warrior/+0 battleaxe (12)]
 34910 | Snake:4  | Received a gift from Okawaru
 34917 | Snake:4  | 34917 ||| INVOKING Heroism.
 34919 | Snake:4  | HP: 14/123 [naga/+0 long sword (2)]
 35236 | Snake:4  | Got a serpentine rune of Zot
 35311 | Snake:4  | 35311 ||| Stepping ~*~*~tactically~*~*~ (stealth).
 35313 | Snake:4  | 35313 ||| Stepping ~*~*~tactically~*~*~ (stealth).
 35315 | Snake:4  | 35315 ||| Stepping ~*~*~tactically~*~*~ (stealth).
 35330 | Snake:4  | 35330 ||| Stepping ~*~*~tactically~*~*~ (hiding).
 35331 | Snake:4  | 35331 ||| Stepping ~*~*~tactically~*~*~ (hiding).
 35332 | Snake:4  | 35332 ||| Stepping ~*~*~tactically~*~*~ (hiding).
 35333 | Snake:4  | 35333 ||| Stepping ~*~*~tactically~*~*~ (hiding).
 35335 | Snake:4  | 35335 ||| INVOKING Heroism.
 35375 | Snake:4  | Noticed Agnes
 35382 | Snake:4  | 35382 ||| INVOKING Heroism.
 35390 | Snake:4  | Killed Agnes
 35498 | Snake:4  | 35498 ||| Stepping ~*~*~tactically~*~*~ (hiding).
 35499 | Snake:4  | 35499 ||| Stepping ~*~*~tactically~*~*~ (hiding).
 35514 | Snake:4  | Noticed Bai Suzhen
 35515 | Snake:4  | 35515 ||| INVOKING Heroism.
 35538 | Snake:4  | Killed Bai Suzhen
 35549 | Snake:4  | HP: 30/123 [salamander/+0 halberd (5)]
 35550 | Snake:4  | 35550 ||| READING scroll of teleportation.
 35575 | Snake:4  | 35575 ||| INVOKING Heroism.
 35590 | Snake:4  | HP: 26/123 [salamander/+0 halberd of protection (4)]
 35599 | Snake:4  | 35599 ||| Stepping ~*~*~tactically~*~*~ (hiding).
 35602 | Snake:4  | 35602 ||| INVOKING Heroism.
 35603 | Snake:4  | HP: 24/123 [naga/+0 trident (2)]
 35608 | Snake:4  | 35608 ||| Stepping ~*~*~tactically~*~*~ (hiding).
 35618 | Snake:4  | HP: 26/123 [constriction (3)]
 35623 | Snake:4  | 35623 ||| Stepping ~*~*~tactically~*~*~ (hiding).
 35638 | Snake:4  | 35638 ||| FLEEEEING.
 35639 | Snake:4  | 35639 ||| FLEEEEING.
 35640 | Snake:4  | 35640 ||| FLEEEEING.
 35641 | Snake:4  | 35641 ||| FLEEEEING.
 35642 | Snake:4  | 35642 ||| FLEEEEING.
 35643 | Snake:4  | 35643 ||| FLEEEEING.
 35644 | Snake:4  | 35644 ||| FLEEEEING.
 35645 | Snake:4  | 35645 ||| FLEEEEING.
 35663 | Snake:4  | 35663 ||| Stepping ~*~*~tactically~*~*~ (hiding).
 35665 | Snake:4  | 35665 ||| Stepping ~*~*~tactically~*~*~ (hiding).
 35666 | Snake:4  | 35666 ||| INVOKING Heroism.
 35677 | Snake:4  | Received a gift from Okawaru
 35684 | Snake:4  | 35684 ||| INVOKING Heroism.
 35891 | Snake:4  | 35891 ||| READING scroll of enchant weapon.
 35891 | Snake:4  | 35891 ||| ENCHANTING +1 broad axe.
 35912 | Snake:4  | Identified the +2 pair of boots of the Untouchables {Str+4}
 35941 | Snake:4  | 35941 ||| Stepping ~*~*~tactically~*~*~ (hiding).
 35943 | Snake:4  | 35943 ||| Stepping ~*~*~tactically~*~*~ (hiding).
 35944 | Snake:4  | 35944 ||| Stepping ~*~*~tactically~*~*~ (hiding).
 36104 | Snake:4  | Found Plog's Assorted Antiques.
 36106 | Snake:4  | Found Boxuve's Weapon Emporium.
 36109 | Snake:4  | 36109 ||| Stepping ~*~*~tactically~*~*~ (stealth).
 36112 | Snake:4  | Found Gurung's Armour Shoppe.
 36115 | Snake:4  | 36115 ||| BUYING smoking granite ring (150 gold).
 36115 | Snake:4  | Bought a smoking granite ring for 150 gold pieces
 36115 | Snake:4  | Identified the ring of the Tick {Drain rF+ Str+6 Int+7}
                  | (You bought it in a shop on level 4 of the Snake Pit)
 36115 | Snake:4  | 36115 ||| INVOKING Heroism.
 36145 | Snake:4  | 36145 ||| Stepping ~*~*~tactically~*~*~ (hiding).
 36148 | Snake:4  | 36148 ||| Stepping ~*~*~tactically~*~*~ (hiding).
 36154 | Snake:4  | 36154 ||| Stepping ~*~*~tactically~*~*~ (hiding).
 36156 | Snake:4  | 36156 ||| Stepping ~*~*~tactically~*~*~ (hiding).
 36158 | Snake:4  | 36158 ||| Stepping ~*~*~tactically~*~*~ (hiding).
 36165 | Snake:4  | 36165 ||| INVOKING Heroism.
 36201 | Snake:4  | 36201 ||| BUYING +0 tower shield (81 gold).
 36201 | Snake:4  | Bought a +0 tower shield for 81 gold pieces
 36457 | Snake:4  | 36457 ||| PLANNING VAULTS:1-4
 36457 | Snake:4  | 36457 ||| UPGRADING to +2 pair of boots of the Untouchables
                  | {Str+4}.
 36467 | Snake:4  | 36467 ||| DROPPING +2 pair of boots.
 36468 | Snake:4  | 36468 ||| UPGRADING to +0 tower shield.
 36478 | Snake:4  | 36478 ||| DROPPING +1 buckler of resistance.
 36479 | Snake:4  | 36479 ||| DROPPING +1 kite shield of poison resistance.
 36480 | Snake:4  | 36480 ||| DROPPING +4 ring of protection.
 36481 | Snake:4  | 36481 ||| UPGRADING to ring of the Tick {Drain rF+ Str+6
                  | Int+7}.
 36483 | Snake:4  | 36483 ||| DROPPING ring of protection from fire.
 36484 | Snake:4  | 36484 ||| UPGRADING to ring of Light {rF+ Str+4}.
 36713 | Vaults:1 | Entered Level 1 of the Vaults
 36782 | Vaults:1 | 36782 ||| READING scroll of brand weapon.
 36782 | Vaults:1 | 36782 ||| BRANDING +2 broad axe.
 36806 | Vaults:1 | 36806 ||| Stepping ~*~*~tactically~*~*~ (hiding).
 36808 | Vaults:1 | Reached XP level 19. HP: 128/128 MP: 26/26
 36808 | Vaults:1 | 36808 ||| Stepping ~*~*~tactically~*~*~ (hiding).
 36816 | Vaults:1 | Reached skill level 16 in Shields
 36932 | Vaults:1 | 36932 ||| Stepping ~*~*~tactically~*~*~ (stealth).
 36966 | Vaults:1 | Found Fyifau's Distillery.
 36974 | Vaults:1 | 36974 ||| BUYING 2 potions of haste (360 gold).
 36974 | Vaults:1 | Bought 2 potions of haste for 360 gold pieces
 36974 | Vaults:1 | 36974 ||| BUYING 2 potions of mutation (288 gold).
 36974 | Vaults:1 | Bought 2 potions of mutation for 288 gold pieces
 36974 | Vaults:1 | 36974 ||| BUYING potion of attraction (54 gold).
 36974 | Vaults:1 | Bought a potion of attraction for 54 gold pieces
 36974 | Vaults:1 | 36974 ||| BUYING potion of attraction (54 gold).
 36974 | Vaults:1 | Bought a potion of attraction for 54 gold pieces
 36974 | Vaults:1 | 36974 ||| BUYING potion of cancellation (144 gold).
 36974 | Vaults:1 | Bought a potion of cancellation for 144 gold pieces
 36974 | Vaults:1 | 36974 ||| BUYING potion of heal wounds (90 gold).
 36974 | Vaults:1 | Bought a potion of heal wounds for 90 gold pieces
 36974 | Vaults:1 | 36974 ||| BUYING potion of lignification (54 gold).
 36974 | Vaults:1 | Bought a potion of lignification for 54 gold pieces
 36974 | Vaults:1 | 36974 ||| SHOPLISTING potion of resistance (180 gold, have
                  | 52).
 36978 | Vaults:1 | 36978 ||| Stepping ~*~*~tactically~*~*~ (hiding).
 37021 | Vaults:1 | 37021 ||| Stepping ~*~*~tactically~*~*~ (stealth).
 37098 | Vaults:1 | 37098 ||| Stepping ~*~*~tactically~*~*~ (hiding).
 37153 | Vaults:1 | Reached skill level 17 in Shields
 37153 | Vaults:1 | 37153 ||| Stepping ~*~*~tactically~*~*~ (hiding).
 37556 | Vaults:1 | 37556 ||| FLEEEEING.
 37557 | Vaults:1 | 37557 ||| FLEEEEING.
 37558 | Vaults:1 | 37558 ||| FLEEEEING.
 37559 | Vaults:1 | 37559 ||| FLEEEEING.
 37560 | Vaults:1 | 37560 ||| FLEEEEING.
 37561 | Vaults:1 | 37561 ||| FLEEEEING.
 37562 | Vaults:1 | 37562 ||| FLEEEEING.
 37563 | Vaults:1 | 37563 ||| FLEEEEING.
 37564 | Vaults:1 | 37564 ||| FLEEEEING.
 37565 | Vaults:1 | 37565 ||| FLEEEEING.
 37566 | Vaults:1 | 37566 ||| FLEEEEING.
 37571 | Vaults:1 | 37571 ||| Stepping ~*~*~tactically~*~*~ (hiding).
 37644 | Vaults:1 | 37644 ||| FLEEEEING.
 37645 | Vaults:1 | 37645 ||| FLEEEEING.
 37646 | Vaults:1 | 37646 ||| FLEEEEING.
 37654 | Vaults:1 | 37654 ||| FLEEEEING.
 37655 | Vaults:1 | 37655 ||| FLEEEEING.
 37656 | Vaults:1 | 37656 ||| FLEEEEING.
 37657 | Vaults:1 | 37657 ||| FLEEEEING.
 37658 | Vaults:1 | 37658 ||| FLEEEEING.
 37659 | Vaults:1 | 37659 ||| FLEEEEING.
 37660 | Vaults:1 | 37660 ||| FLEEEEING.
 37661 | Vaults:1 | 37661 ||| FLEEEEING.
 37662 | Vaults:1 | 37662 ||| FLEEEEING.
 37663 | Vaults:1 | 37663 ||| FLEEEEING.
 37664 | Vaults:1 | 37664 ||| FLEEEEING.
 37665 | Vaults:1 | 37665 ||| FLEEEEING.
 37666 | Vaults:1 | 37666 ||| FLEEEEING.
 37667 | Vaults:1 | 37667 ||| FLEEEEING.
 37668 | Vaults:1 | 37668 ||| FLEEEEING.
 37669 | Vaults:1 | 37669 ||| FLEEEEING.
 37670 | Vaults:1 | 37670 ||| FLEEEEING.
 37671 | Vaults:1 | 37671 ||| FLEEEEING.
 37672 | Vaults:1 | 37672 ||| FLEEEEING.
 37673 | Vaults:1 | 37673 ||| FLEEEEING.
 37674 | Vaults:1 | 37674 ||| FLEEEEING.
 37675 | Vaults:1 | 37675 ||| FLEEEEING.
 37676 | Vaults:1 | 37676 ||| FLEEEEING.
 37677 | Vaults:1 | 37677 ||| FLEEEEING.
 37678 | Vaults:1 | 37678 ||| FLEEEEING.
 37679 | Vaults:1 | 37679 ||| FLEEEEING.
 37680 | Vaults:1 | 37680 ||| FLEEEEING.
 37681 | Vaults:1 | 37681 ||| FLEEEEING.
 37682 | Vaults:1 | 37682 ||| FLEEEEING.
 37683 | Vaults:1 | 37683 ||| FLEEEEING.
 37684 | Vaults:1 | 37684 ||| FLEEEEING.
 37685 | Vaults:1 | 37685 ||| FLEEEEING.
 37686 | Vaults:1 | 37686 ||| FLEEEEING.
 37687 | Vaults:1 | 37687 ||| FLEEEEING.
 37688 | Vaults:1 | 37688 ||| FLEEEEING.
 37689 | Vaults:1 | 37689 ||| FLEEEEING.
 37690 | Vaults:1 | 37690 ||| FLEEEEING.
 37691 | Vaults:1 | 37691 ||| FLEEEEING.
 37692 | Vaults:1 | 37692 ||| FLEEEEING.
 37693 | Vaults:1 | 37693 ||| FLEEEEING.
 37694 | Vaults:1 | 37694 ||| FLEEEEING.
 37699 | Vaults:1 | 37699 ||| STAIRDANCE
 37811 | Vaults:1 | 37811 ||| INVOKING Heroism.
 37871 | Vaults:1 | 37871 ||| INVOKING Heroism.
 37877 | Vaults:1 | Received a gift from Okawaru
 38200 | Vaults:1 | 38200 ||| INVOKING Heroism.
 38218 | Vaults:1 | Reached skill level 18 in Shields
 38452 | Vaults:1 | Noticed a tentacled monstrosity
 38453 | Vaults:1 | 38453 ||| FLEEEEING.
 38454 | Vaults:1 | 38454 ||| FLEEEEING.
 38455 | Vaults:1 | 38455 ||| FLEEEEING.
 38457 | Vaults:1 | 38457 ||| FLEEEEING.
 38459 | Vaults:1 | 38459 ||| FLEEEEING.
 38460 | Vaults:1 | 38460 ||| FLEEEEING.
 38461 | Vaults:1 | 38461 ||| FLEEEEING.
 38462 | Vaults:1 | 38462 ||| FLEEEEING.
 38463 | Vaults:1 | 38463 ||| FLEEEEING.
 38464 | Vaults:1 | 38464 ||| FLEEEEING.
 38469 | Vaults:1 | 38469 ||| FLEEEEING.
 38470 | Vaults:1 | 38470 ||| FLEEEEING.
 38471 | Vaults:1 | 38471 ||| FLEEEEING.
 38472 | Vaults:1 | 38472 ||| FLEEEEING.
 38473 | Vaults:1 | 38473 ||| FLEEEEING.
 38474 | Vaults:1 | 38474 ||| FLEEEEING.
 38475 | Vaults:1 | 38475 ||| FLEEEEING.
 38476 | Vaults:1 | 38476 ||| FLEEEEING.
 38477 | Vaults:1 | 38477 ||| FLEEEEING.
 38478 | Vaults:1 | 38478 ||| FLEEEEING.
 38479 | Vaults:1 | 38479 ||| FLEEEEING.
 38480 | Vaults:1 | 38480 ||| FLEEEEING.
 38481 | Vaults:1 | 38481 ||| FLEEEEING.
 38482 | Vaults:1 | 38482 ||| FLEEEEING.
 38483 | Vaults:1 | 38483 ||| FLEEEEING.
 38484 | Vaults:1 | 38484 ||| FLEEEEING.
 38485 | Vaults:1 | 38485 ||| FLEEEEING.
 38486 | Vaults:1 | 38486 ||| FLEEEEING.
 38489 | Vaults:1 | 38489 ||| FLEEEEING.
 38490 | Vaults:1 | 38490 ||| FLEEEEING.
 38491 | Vaults:1 | 38491 ||| FLEEEEING.
 38492 | Vaults:1 | 38492 ||| FLEEEEING.
 38493 | Vaults:1 | 38493 ||| FLEEEEING.
 38494 | Vaults:1 | 38494 ||| FLEEEEING.
 38495 | Vaults:1 | 38495 ||| FLEEEEING.
 38496 | Vaults:1 | 38496 ||| FLEEEEING.
 38497 | Vaults:1 | 38497 ||| FLEEEEING.
 38498 | Vaults:1 | 38498 ||| FLEEEEING.
 38499 | Vaults:1 | 38499 ||| FLEEEEING.
 38500 | Vaults:1 | 38500 ||| FLEEEEING.
 38501 | Vaults:1 | 38501 ||| FLEEEEING.
 38502 | Vaults:1 | 38502 ||| FLEEEEING.
 38503 | Vaults:1 | 38503 ||| FLEEEEING.
 38504 | Vaults:1 | 38504 ||| FLEEEEING.
 38505 | Vaults:1 | 38505 ||| FLEEEEING.
 38506 | Vaults:1 | 38506 ||| FLEEEEING.
 38507 | Vaults:1 | 38507 ||| FLEEEEING.
 38508 | Vaults:1 | 38508 ||| FLEEEEING.
 38509 | Vaults:1 | 38509 ||| FLEEEEING.
 38510 | Vaults:1 | 38510 ||| FLEEEEING.
 38511 | Vaults:1 | 38511 ||| FLEEEEING.
 38512 | Vaults:1 | 38512 ||| FLEEEEING.
 38513 | Vaults:1 | 38513 ||| FLEEEEING.
 38514 | Vaults:1 | 38514 ||| FLEEEEING.
 38519 | Vaults:1 | 38519 ||| FLEEEEING.
 38520 | Vaults:1 | 38520 ||| FLEEEEING.
 38521 | Vaults:1 | 38521 ||| FLEEEEING.
 38525 | Vaults:1 | 38525 ||| STAIRDANCE
 38629 | Vaults:1 | 38629 ||| INVOKING Heroism.
 38637 | Vaults:1 | Killed a tentacled monstrosity
 38663 | Vaults:1 | 38663 ||| Stepping ~*~*~tactically~*~*~ (hiding).
 38909 | Vaults:1 | 38909 ||| Stepping ~*~*~tactically~*~*~ (stealth).
 38912 | Vaults:1 | 38912 ||| Stepping ~*~*~tactically~*~*~ (hiding).
 39154 | Vaults:1 | 39154 ||| FLEEEEING.
 39163 | Vaults:1 | 39163 ||| FLEEEEING.
 39164 | Vaults:1 | 39164 ||| FLEEEEING.
 39165 | Vaults:1 | 39165 ||| FLEEEEING.
 39166 | Vaults:1 | 39166 ||| FLEEEEING.
 39167 | Vaults:1 | 39167 ||| FLEEEEING.
 39175 | Vaults:1 | 39175 ||| FLEEEEING.
 39176 | Vaults:1 | 39176 ||| FLEEEEING.
 39177 | Vaults:1 | 39177 ||| FLEEEEING.
 39178 | Vaults:1 | 39178 ||| FLEEEEING.
 39179 | Vaults:1 | 39179 ||| FLEEEEING.
 39180 | Vaults:1 | 39180 ||| FLEEEEING.
 39185 | Vaults:1 | 39185 ||| FLEEEEING.
 39186 | Vaults:1 | 39186 ||| FLEEEEING.
 39187 | Vaults:1 | 39187 ||| FLEEEEING.
 39188 | Vaults:1 | 39188 ||| FLEEEEING.
 39189 | Vaults:1 | 39189 ||| FLEEEEING.
 39190 | Vaults:1 | 39190 ||| FLEEEEING.
 39191 | Vaults:1 | 39191 ||| FLEEEEING.
 39192 | Vaults:1 | 39192 ||| FLEEEEING.
 39193 | Vaults:1 | 39193 ||| FLEEEEING.
 39194 | Vaults:1 | 39194 ||| FLEEEEING.
 39195 | Vaults:1 | 39195 ||| FLEEEEING.
 39196 | Vaults:1 | 39196 ||| FLEEEEING.
 39197 | Vaults:1 | 39197 ||| FLEEEEING.
 39198 | Vaults:1 | 39198 ||| FLEEEEING.
 39199 | Vaults:1 | 39199 ||| FLEEEEING.
 39200 | Vaults:1 | 39200 ||| FLEEEEING.
 39201 | Vaults:1 | 39201 ||| FLEEEEING.
 39202 | Vaults:1 | 39202 ||| FLEEEEING.
 39203 | Vaults:1 | 39203 ||| FLEEEEING.
 39204 | Vaults:1 | 39204 ||| FLEEEEING.
 39205 | Vaults:1 | 39205 ||| FLEEEEING.
 39206 | Vaults:1 | 39206 ||| FLEEEEING.
 39207 | Vaults:1 | 39207 ||| FLEEEEING.
 39208 | Vaults:1 | 39208 ||| FLEEEEING.
 39209 | Vaults:1 | 39209 ||| FLEEEEING.
 39210 | Vaults:1 | 39210 ||| FLEEEEING.
 39220 | Vaults:1 | 39220 ||| STAIRDANCE
 39325 | Vaults:1 | 39325 ||| STAIRDANCE
 39431 | Vaults:1 | 39431 ||| STAIRDANCE
 39866 | Vaults:2 | 39866 ||| Stepping ~*~*~tactically~*~*~ (hiding).
 40008 | Abyss:2  | Cast into level 2 of the Abyss (a wizard)
 40204 | Abyss:2  | 40204 ||| Stepping ~*~*~tactically~*~*~ (stealth).
 40206 | Abyss:2  | 40206 ||| Stepping ~*~*~tactically~*~*~ (stealth).
 40208 | Abyss:2  | 40208 ||| Stepping ~*~*~tactically~*~*~ (stealth).
 40217 | Abyss:2  | 40217 ||| Stepping ~*~*~tactically~*~*~ (stealth).
 40219 | Abyss:2  | 40219 ||| Stepping ~*~*~tactically~*~*~ (hiding).
 40253 | Abyss:2  | 40253 ||| Stepping ~*~*~tactically~*~*~ (stealth).
 40254 | Abyss:2  | 40254 ||| Stepping ~*~*~tactically~*~*~ (stealth).
 40269 | Abyss:2  | Received a gift from Okawaru
 40285 | Abyss:2  | 40285 ||| Stepping ~*~*~tactically~*~*~ (hiding).
 40286 | Abyss:2  | 40286 ||| Stepping ~*~*~tactically~*~*~ (hiding).
 40307 | Abyss:2  | 40307 ||| Stepping ~*~*~tactically~*~*~ (hiding).
 40312 | Abyss:2  | 40312 ||| INVOKING Heroism.
 40328 | Abyss:2  | Reached skill level 19 in Shields
 40333 | Vaults:2 | Escaped the Abyss
 40360 | Vaults:2 | 40360 ||| INVOKING Heroism.
 40379 | Abyss:2  | Cast into level 2 of the Abyss (a wizard)
 40423 | Abyss:2  | 40423 ||| INVOKING Heroism.
 40448 | Abyss:2  | 40448 ||| Stepping ~*~*~tactically~*~*~ (stealth).
 40470 | Abyss:2  | 40470 ||| Stepping ~*~*~tactically~*~*~ (stealth).
 40471 | Abyss:2  | 40471 ||| INVOKING Heroism.
 40514 | Abyss:2  | 40514 ||| Stepping ~*~*~tactically~*~*~ (hiding).
 40517 | Abyss:2  | 40517 ||| Stepping ~*~*~tactically~*~*~ (hiding).
 40524 | Abyss:2  | 40524 ||| INVOKING Heroism.
 40559 | Abyss:2  | 40559 ||| Stepping ~*~*~tactically~*~*~ (stealth).
 40568 | Abyss:2  | 40568 ||| INVOKING Heroism.
 40582 | Abyss:2  | Paralysed by accursed screaming for 1 turns
 40589 | Abyss:2  | Paralysed by accursed screaming for 1 turns
 40622 | Abyss:2  | 40622 ||| INVOKING Heroism.
 40663 | Abyss:2  | 40663 ||| Stepping ~*~*~tactically~*~*~ (stealth).
 40664 | Abyss:2  | 40664 ||| INVOKING Heroism.
 40733 | Abyss:2  | 40733 ||| Stepping ~*~*~tactically~*~*~ (stealth).
 40745 | Abyss:2  | 40745 ||| Stepping ~*~*~tactically~*~*~ (stealth).
 40759 | Abyss:2  | 40759 ||| Stepping ~*~*~tactically~*~*~ (stealth).
 40760 | Abyss:2  | 40760 ||| Stepping ~*~*~tactically~*~*~ (stealth).
 40763 | Abyss:2  | 40763 ||| Stepping ~*~*~tactically~*~*~ (stealth).
 40765 | Abyss:2  | 40765 ||| Stepping ~*~*~tactically~*~*~ (stealth).
 40795 | Abyss:2  | 40795 ||| Stepping ~*~*~tactically~*~*~ (stealth).
 40800 | Abyss:2  | 40800 ||| Stepping ~*~*~tactically~*~*~ (stealth).
 40801 | Abyss:2  | 40801 ||| Stepping ~*~*~tactically~*~*~ (stealth).
 40802 | Abyss:2  | 40802 ||| Stepping ~*~*~tactically~*~*~ (stealth).
 40811 | Vaults:2 | Escaped the Abyss
 40839 | Vaults:2 | 40839 ||| Stepping ~*~*~tactically~*~*~ (stealth).
 40859 | Vaults:2 | 40859 ||| FLEEEEING.
 40889 | Vaults:2 | Reached XP level 20. HP: 136/136 MP: 18/24
 40979 | Vaults:2 | Found Unikayb's Book Shoppe.
 41048 | Vaults:2 | 41048 ||| Stepping ~*~*~tactically~*~*~ (stealth).
 41057 | Vaults:2 | Reached skill level 18 in Fighting
 41060 | Vaults:2 | 41060 ||| INVOKING Heroism.
 41180 | Vaults:2 | 41180 ||| Stepping ~*~*~tactically~*~*~ (stealth).
 41532 | Vaults:2 | 41532 ||| Stepping ~*~*~tactically~*~*~ (hiding).
 41535 | Vaults:2 | 41535 ||| Stepping ~*~*~tactically~*~*~ (hiding).
 41537 | Vaults:2 | 41537 ||| Stepping ~*~*~tactically~*~*~ (hiding).
 41600 | Vaults:2 | 41600 ||| Stepping ~*~*~tactically~*~*~ (hiding).
 41601 | Vaults:2 | 41601 ||| Stepping ~*~*~tactically~*~*~ (hiding).
 41781 | Vaults:2 | 41781 ||| Stepping ~*~*~tactically~*~*~ (hiding).
 41841 | Vaults:2 | 41841 ||| INVOKING Heroism.
 42168 | Vaults:2 | 42168 ||| Stepping ~*~*~tactically~*~*~ (hiding).
 42176 | Vaults:2 | Received a gift from Okawaru
 42186 | Vaults:2 | 42186 ||| INVOKING Heroism.
 42192 | Vaults:2 | 42192 ||| FLEEEEING.
 42193 | Vaults:2 | 42193 ||| FLEEEEING.
 42286 | Vaults:2 | 42286 ||| FLEEEEING.
 42287 | Vaults:2 | 42287 ||| FLEEEEING.
 42436 | Vaults:2 | 42436 ||| DROPPING amulet of regeneration.
 42436 | Vaults:2 | Noticed a dread lich
 42437 | Vaults:2 | 42437 ||| UPGRADING to amulet of faith.
 42444 | Vaults:2 | Paralysed by a dread lich for 4 turns
 42448 | Vaults:2 | 42448 ||| INVOKING Heroism.
 42449 | Vaults:2 | 42449 ||| INVOKING Finesse.
 42453 | Vaults:2 | Paralysed by a dread lich for 4 turns
 42460 | Vaults:2 | Killed from afar by a lich

Levels and vault maps discovered:
D:1:      minmay_arrival_three_doors, layout_loops_corners
D:2:      layout_loops_ring, shapermc_ecumenical_altar_notcrosses
D:3:      layout_loops_ring, yredelemnul_forgotten_temple_becter
D:4:      layout_gridville, nicolae_overflow_two_pavilions
D:5:      layout_loops_ring, uniq_crazy_yiuf_cottage, uniq_sigmund
D:6:      layout_basic, minmay_temple_entry_statues_fountains,
          uniq_blork_the_orc, uniq_menkaure
D:7:      layout_basic, fedhas_bush_and_centaur_altar, enter_bailey_3
D:8:      layout_rooms, minmay_unpleasant_kobolds, uniq_maggie
D:9:      layout_loops_ring, grunt_ministairs_1, hangedman_incinerator
D:10:     minmay_bloctagon, layout_loops_ring, mainiacjoe_overflow_big_doors,
          serial_shops, nicolae_shop_mannequins, library_closet
D:11:     layout_irregular_city, orc_0_dummy, serial_shops,
          nicolae_shop_advertising_works [nicolae_subvault_shop_adworks], shop,
          gauntlet_entry_generic, enter_trove_2, hangedman_weighted_door,
          kennysheep_diamond, minivault_24, okawaru_gym_becter
D:12:     minmay_strange_plus, layout_loops_cross
D:13:     layout_basic, dreamdust_princess_corridor, minivault_8
D:14:     layout_irregular_city, david_vaults_1, kennysheep_decorative_pillar,
          serial_rivers, chequers_serial_rivers_room_a,
          chequers_serial_rivers_small_3, chequers_serial_rivers_micro_e,
          chequers_serial_rivers_room_a, chequers_serial_rivers_micro_a,
          chequers_serial_rivers_micro_e, uniq_josephine, uniq_frances,
          uniq_rupert, uniq_snorg
D:15:     grunt_enter_depths_snipers, layout_layer_cave, bloody_makhleb
Lair:1:   layout_gridlike, wad_woods_02, uniq_amaemon
Lair:2:   layout_small_grid, basic_altar, grunt_megastairs_4
Lair:3:   layout_chaotic_city, palyth_hydra_swamp_entry,
          guppyfry_snake_entry_garden, grunt_megastairs_2
Lair:4:   layout_regular_city, minmay_slime_entry_oklob_enclosed,
          grunt_megastairs_3
Lair:5:   gammafunk_lair_ancient_temple, layout_gridlike,
          gammafunk_ghost_cemetery, serial_forest, infiniplex_forest_zigzag_1,
          infiniplex_forest_pool, infiniplex_forest_clump_curved,
          infiniplex_forest_pool, infiniplex_forest_clump_small,
          infiniplex_forest_fountain, infiniplex_forest_straight_2,
          infiniplex_forest_end_2, infiniplex_forest_clump_long, uniq_kirke
Swamp:1:  layout_basic_swamp, nicolae_swamp_round_clearing,
          infiniplex_staircase_pool
Swamp:2:  nzn_winding_woodlands_medium [nzn_winding_woodlands_5x5_closed_star,
          nzn_winding_woodlands_5x15_jagged,
          nzn_winding_woodlands_5x5_open_star,
          nzn_winding_woodlands_5x5_checkerboard,
          nzn_winding_woodlands_center_diamonds,
          nzn_winding_woodlands_hourglass, nzn_winding_woodlands_5x5_cross,
          nzn_winding_woodlands_5x15_crooked, nzn_winding_woodlands_5x5_three],
          layout_basic_swamp, evilmike_swamp_ruin_house_4
Swamp:3:  nicolae_swamp_standing_stones, layout_basic_swamp, serial_swamp_ruin,
          evilmike_swamp_ruin_house_3, evilmike_swamp_ruin_rubble_2,
          evilmike_swamp_ruin_wall, nicolae_swamp_some_circles
Snake:1:  layout_chambers, lemuel_fruit_tree, grunt_megastairs_1
Snake:2:  layout_chambers, ebering_ghost_xom, uniq_aizul
Snake:3:  layout_misc_corridors, basic_altar, serial_shops,
          nicolae_shop_tiny_glass, drop_trap, uniq_jorgrun, uniq_mlioglotl
Snake:4:  johnstein_snake_rune_scales, layout_misc_corridors, minmay_shop_star,
          uniq_bai_suzhen, uniq_agnes
Orc:1:    layout_caves, mines1_david, uniq_maurice
Orc:2:    st_orc_ogre_mass, layout_caves, basic_altar, serial_shops, shop
Vaults:1: vaults_room_ringed_pool, nicolae_vaults_border_crossing,
          nicolae_vaults_doubleplus_tesselated, v_alt_pattern_5,
          nicolae_vaults_big_ls, ontoclasm_vaults_spin,
          hangedman_vaults_stretched_pinwheel, nicolae_vaults_murder_corner,
          nicolae_vaults_house_3, layout_vaults_chaotic_city, serial_shops, shop
Vaults:2: nicolae_vaults_trapezoid_lopsided_2, nicolae_vaults_weapon_check,
          hangedman_vaults_cutoff, nicolae_vaults_network_s,
          ontoclasm_vaults_ring_square, nicolae_vaults_hexular_roomagon,
          nicolae_vaults_trapezoid_1, nicolae_vaults_closet_pinwheel_6,
          nicolae_vaults_you_can_take_it_with_you,
          nicolae_vaults_closet_pinwheel_4, nicolae_vaults_what_the_h,
          nicolae_vaults_trapezoid_lopsided_1, layout_vaults_ring, serial_shops,
          nicolae_shop_peninsula

Skill      XL: |  1  2  3  4  5  6  7  8  9 10 11 12 13 14 15 16 17 18 19 20 |
---------------+-------------------------------------------------------------+-----
Axes           | 2 3 4 5 6 7 8 9 11 12 13 14 16 17 18 | 18.0
Fighting       | 4 6 7 8 9 10 11 13 14 15 17 18 | 18.0
Invocations    | 2 3 4 7 10 | 10.1
Armour         | 4 6 7 8 9 10 12 14 | 14.6
Dodging        | 2 3 4 5 |  5.0
Shields        | 4 5 6 7 8 9 12 14 15 19 | 19.8
Throwing       | 3 4 6 8 9 |  9.9

Action                     |  1- 3 |  4- 6 |  7- 9 | 10-12 | 13-15 | 16-18 | 19-21 || total
---------------------------+-------+-------+-------+-------+-------+-------+-------++-------
  Melee: War axe           |    47 |   154 |   261 |   353 |   769 |       |       ||  1584
         Demon whip        |       |       |       |       |    33 |     6 |       ||    39
         Broad axe         |       |       |       |       |    89 |  1352 |   698 ||  2139
  Throw: Boomerang         |       |       |       |    63 |   277 |   118 |    67 ||   525
         Javelin           |       |       |       |    24 |    35 |    41 |    37 ||   137
 Invoke: Heroism           |       |       |    17 |    12 |    26 |    57 |    16 ||   128
         Finesse           |       |       |       |     1 |    10 |     2 |     1 ||    14
    Use: Scroll            |     2 |    10 |     5 |     8 |    12 |    14 |       ||    51
         Potion            |       |       |     1 |     2 |     1 |     5 |       ||     9
   Stab: Distracted        |       |       |       |     1 |     1 |       |       ||     2
 Armour: Scale mail        |    19 |    14 |       |       |       |       |       ||    33
         Plate armour      |       |    89 |   172 |    11 |       |       |       ||   272
         Chain mail        |       |       |       |   208 |   345 |   622 |   208 ||  1383
  Dodge: Dodged            |    15 |    34 |    75 |   132 |   224 |   367 |   127 ||   974
  Block: Buckler           |     6 |    22 |    49 |    65 |   201 |   102 |       ||   445
         Reflection        |       |       |       |       |    28 |   133 |    27 ||   188
         Kite shield       |       |       |       |       |       |   920 |       ||   920
         Tower shield      |       |       |       |       |       |     4 |   519 ||   523

Table legend:
 A = Non-vault XP
 B = Vault XP
 C = Vault XP percentage of total XP
 D = Non-vault monster count
 E = Vault monster count
 F = Vault count percentage of total count
                 A         B        C        D         E       F
            +---------+---------+-------+---------+---------+-------
      Total |  285586 |  151414 |  34.6 |     826 |     294 |  26.2
            +---------+---------+-------+---------+---------+-------
        D:1 |      29 |       0 |   0.0 |      13 |       0 |   0.0
        D:2 |      79 |       0 |   0.0 |      14 |       0 |   0.0
        D:3 |      46 |       1 |   2.1 |      18 |       1 |   5.3
        D:4 |     212 |       0 |   0.0 |      11 |       0 |   0.0
        D:5 |     898 |     223 |  19.9 |      23 |       1 |   4.2
        D:6 |    2133 |     268 |  11.2 |      32 |       2 |   5.9
        D:7 |     931 |     115 |  11.0 |      17 |       5 |  22.7
        D:8 |     826 |     590 |  41.7 |      17 |       7 |  29.2
        D:9 |    2213 |    1932 |  46.6 |      16 |      14 |  46.7
       D:10 |    3906 |    3661 |  48.4 |      27 |      16 |  37.2
       D:11 |    8371 |    1612 |  16.1 |      34 |       5 |  12.8
       D:12 |    3946 |    6056 |  60.5 |      13 |       9 |  40.9
       D:13 |    8015 |    1487 |  15.6 |      26 |       4 |  13.3
       D:14 |   16551 |    7727 |  31.8 |      33 |      11 |  25.0
       D:15 |   14651 |    2677 |  15.4 |      30 |       3 |   9.1
     Lair:1 |    4096 |    2016 |  33.0 |      17 |       6 |  26.1
     Lair:2 |   12425 |     543 |   4.2 |      34 |       2 |   5.6
     Lair:3 |   12278 |    4502 |  26.8 |      29 |      13 |  31.0
     Lair:4 |    7062 |    1401 |  16.6 |      25 |       8 |  24.2
     Lair:5 |    5720 |    9754 |  63.0 |      21 |      22 |  51.2
    Swamp:1 |   14336 |       0 |   0.0 |      31 |       0 |   0.0
    Swamp:2 |   18148 |   13201 |  42.1 |      31 |      19 |  38.0
    Swamp:3 |    9925 |    4804 |  32.6 |      22 |       6 |  21.4
    Snake:1 |    9124 |    1227 |  11.9 |      19 |       2 |   9.5
    Snake:2 |   15848 |    1228 |   7.2 |      26 |       1 |   3.7
    Snake:3 |   12826 |    3523 |  21.5 |      24 |       2 |   7.7
    Snake:4 |   19947 |   22340 |  52.8 |      42 |      33 |  44.0
      Orc:1 |    1978 |     449 |  18.5 |      25 |       1 |   3.8
      Orc:2 |    3876 |   14635 |  79.1 |      36 |      40 |  52.6
   Vaults:1 |   23669 |   23725 |  50.1 |      34 |      34 |  50.0
   Vaults:2 |   28285 |   21717 |  43.4 |      37 |      27 |  42.2
    Abyss:2 |   23236 |       0 |   0.0 |      49 |       0 |   0.0
            +---------+---------+-------+---------+---------+-------
